 Dungeon Crawl Stone Soup version 0.21.0-3-g78d12a8bdd (webtiles) character file.

1506238 marsu the Middleweight Champion (level 27, 267/267 (270) HPs)
             Began as a Ghoul Monk on Jan 8, 2018.
             Was the Champion of Ashenzari.
             Escaped with the Orb
             ... and 3 runes!
             The game lasted 03:39:01 (86286 turns).

marsu the Middleweight Champion (Ghoul Monk)       Turns: 86286, Time: 03:39:02

HP:   267/267 (270) AC: 47    Str: 25    XL:     27
MP:   26/26         EV: 19    Int:  6    God:    Ashenzari [******]
Gold: 4509          SH: 19    Dex: 17    Spells: 25/26 levels left

rFire    + + .     SeeInvis +     - Unarmed
rCold    + + +     Gourm    .   v - +2 shield {AC+3} (curse) {AC+3}
rNeg     + + +     Faith    .   G - +10 plate armour {rF+} (curse) {rF+}
rPois    ∞         Spirit   .   r - +2 helmet {SInv} (curse) {sInv}
rElec    .         Reflect  +   g - +2 cloak (curse)
rCorr    +         Harm     .   s - +2 pair of gloves (curse)
MR       +++++     Clarity  +   H - +2 pair of boots {Fly} (curse)
Stlth    ..........             p - amulet of the Tired Gods {Reflect rF+ Str+4 Dex+2 Slay+2 SH+2} (curse)
HPRegen  0.54/turn              d - ring of Okawaru's Generosity {rCorr +Blink MR+++ Int-5 Stlth+} (curse)
MPRegen  0.20/turn              I - ring of the Death Scarab {rCorr rC+++ MR+ Int+5 Dex-2} (curse)

@: flying, rotting
A: rotting body, claws 1, carnivore, cold resistance 1, negative energy
resistance 3, inhibited regeneration, torment resistance, unbreathing
0: Orb of Zot
}: 3/15 runes: serpentine, barnacled, slimy
a: Curse Item, Scrying, Transfer Knowledge, Renounce Religion, Evoke Blink, Stop
Flying


You escaped.
You worshipped Ashenzari.
Ashenzari was exalted by your worship.
You were not hungry.

You visited 10 branches of the dungeon, and saw 53 of its levels.
You visited 1 bazaar.
You also visited: Volcano.

You collected 7769 gold pieces.
You spent 3260 gold pieces at shops.

Inventory:

Missiles
 l - 23 javelins of penetration
 w - 8 throwing nets (quivered) {=f}
 U - 7 javelins
 Z - 16 javelins of returning
Armour
 g - a cursed +2 cloak (worn)
 r - a cursed +2 helmet of see invisible (worn) {sInv}
 s - a cursed +2 pair of gloves (worn)
 v - a cursed +2 shield of protection (worn) {AC+3}
 G - a cursed +10 plate armour of fire resistance (worn) {rF+}
 H - a cursed +2 pair of boots of flying (worn)
Jewellery
 d - the cursed ring of Okawaru's Generosity (left hand) {rCorr +Blink MR+++ Int-5 Stlth+}
   (You bought it in a shop on level 13 of the Dungeon)

   [ring of resist corrosion]

   It affects your intelligence (-5).
   It affects your resistance to hostile enchantments.
   It lets you blink.
   It makes you more stealthy.
   It has a curse placed upon it.
 p - the cursed amulet of the Tired Gods (around neck) {Reflect rF+ Str+4 Dex+2 Slay+2 SH+2}
   (You bought it in a shop on level 13 of the Dungeon)

   [amulet of reflection]

   It shields you and reflects attacks.
   It affects your strength (+4).
   It affects your dexterity (+2).
   It affects your accuracy and damage with ranged weapons and melee attacks
   (+2).
   It protects you from fire.
   It affects your SH (+2).
   It has a curse placed upon it.
 I - the cursed ring of the Death Scarab (right hand) {rCorr rC+++ MR+ Int+5 Dex-2}
   (You bought it in a shop on level 2 of the Orcish Mines)

   [ring of resist corrosion]

   It affects your intelligence (+5).
   It affects your dexterity (-2).
   It renders you almost immune to cold.
   It affects your resistance to hostile enchantments.
   It has a curse placed upon it.
Wands
 q - a wand of scattershot (4)
 D - a wand of digging (20)
 N - a wand of paralysis (59)
 P - a wand of acid (25)
 W - a wand of iceblast (15)
 Y - a wand of clouds (10)
Scrolls
 e - 7 scrolls of fear
 f - 9 scrolls of fog
 i - 23 scrolls of identify
 k - 4 scrolls of immolation {!r}
 n - 2 scrolls of magic mapping {!r}
 t - 27 scrolls of teleportation
 u - 11 scrolls of remove curse
 B - 7 scrolls of blinking {!r}
 C - 2 scrolls of summoning
 S - 3 scrolls of silence
Potions
 a - 8 potions of agility
 c - 13 potions of haste
 h - a potion of might
 m - 7 potions of resistance
 o - 3 potions of heal wounds
 x - 4 potions of invisibility
 y - 14 potions of curing
 E - 3 potions of magic
 L - 10 potions of brilliance
 R - a potion of cancellation
 V - 4 potions of flight
 X - 2 potions of ambrosia
Miscellaneous
 j - a lamp of fire
 z - a lightning rod (4/4)
 J - 3 boxes of beasts
 M - a fan of gales
 O - 2 sacks of spiders
 Q - a phial of floods
 T - a phantom mirror
Comestibles
 b - 76 rations


   Skills:
 + Level 26.5 Fighting
 - Level 14.7(20.0) Armour
 + Level 18.3 Dodging
 - Level 2.1 Stealth
 - Level 13.6(16.2) Shields
 O Level 27 Unarmed Combat
 - Level 6.0(10.5) Evocations


You had 25 spell levels left.
You knew the following spells:

 Your Spells              Type           Power        Failure   Level  Hunger
g - Apportation           Tloc           #.....       89%         1    ##.....


Dungeon Overview and Level Annotations

Branches:
Dungeon (15/15)            Temple (0/1) D:6            Lair (6/6) D:11
 Shoals (4/4) Lair:4        Snake (4/4) Lair:2        Slime (5/5) Lair:6
    Orc (2/2) D:11            Elf (3/3) Orc:2        Vaults (4/5) D:13
  Crypt (0/3) Vaults:2     Depths (5/5) D:15            Zot (5/5) Depths:5

Altars:
Ashenzari
Cheibriados
Dithmenos
Fedhas
Gozag
Kikubaaqudgha
Makhleb
Nemelex Xobeh
Okawaru
Qazlal
Ru
Sif Muna
Trog
Vehumet
Wu Jian
Xom
Zin
The Shining One
Beogh
Jiyva
Lugonu

Shops:
D:13 ?=[%=   Orc:2 [:(=   Elf:1 [   Elf:2 *   Shoals:2 %   Snake:2 ?
Snake:3 =}=   Vaults:1 }   Depths:2 ?*[!%   Depths:4 [

Portals:
Hell: Depths:1 Depths:2 Depths:3 Depths:4 Depths:5
Abyss: Depths:3 Depths:4
Pandemonium: Depths:2 Depths:3
Ziggurat: Depths:2

Annotations:
D:6 2 transporters
Lair:2 exclusion: oklob plant
Elf:1 32 runed doors
Elf:2 5 runed doors
Depths:2 1 exclusion
Zot:5 exclusions: obsidian statue and orange crystal statue


Innate Abilities, Weirdness & Mutations

Your body is rotting away.
You thrive on raw meat.
You are immune to poison.
You have sharp fingernails.
You are carnivorous and can eat meat at any time.
Your flesh is cold resistant. (rC+)
You are immune to negative energy. (rN+++)
You do not regenerate when monsters are visible.
You are immune to unholy pain and torment.
You can survive without breathing.


Message History

A tormentor comes into view.
There is a stone staircase leading up here.
You fly upwards.
There is a stone staircase leading down here.
(D) Dungeon (T) Temple (L) Lair (A) Shoals (P) Snake Pit (M) Slime Pits (O) Orcish Mines (E) Elven Halls (V) Vaults (C) Crypt (U) Depths (H) Hell (Z) Zot
Where to? (Enter - D:1 @ (x,y), ? - help)
What level of the Dungeon? (default 1, ? - help)
Things that are here:
an uncursed war axe; an uncursed dagger You see here an uncursed dagger.
There is a stone staircase leading up here.
You fly upwards.
There is a stone staircase leading down here.
You feel your flesh rotting away.
There is a staircase leading out of the dungeon here.
You take 1 damage, and have 267/267 hp.
You have escaped!

#.# #.#######.#..)#.##.##.#.#
##+## #........)..#.........#..
##...######..#####.##.###.######
##.....####..#.###.###.# #.###
#.......#...###.#.## #.# #.#.##
...........## ##.## ##.###.>..###
..........#.###.#.###.#..........
..........##.#.#.#.#.#####....###
#.......#.###.#.@.#.## ###..#
##.....##.##.#.#.#.#.## ##.#
##...###.#.###.#.###.## #.# ##+##
#..## ##.## ##.# #.# #.#
#..####.#.####.# #.# #.#
#....#.###.#...# #.# ##.##
#.....## ##.#.## #.###
##...###.###.# #..#.# #....
#.....##.###.# #.#..# #####


There were no monsters in sight!

Vault maps used:
D:1:      minmay_arrival_diagonal_passages, kennysheep_boxes
D:2:      nicolae_ashenzari_panopticon
D:3:      lemuel_doored_altar
D:4:      nicolae_overflow_crystal_walls, uniq_menkaure
D:5:      lemuel_coloured_pillars_altar, nemelex_xobeh_ov_fountains_minmay,
          first_ration, grunt_dithmenos_smoke_and_mirrors
D:6:      gammafunk_steamed_eel, minmay_temple_entry_nine_rooms,
          nicolae_ru_sacrificial_ziggurat, uniq_grinder
D:7:      fedhas_altar_fruit_tree, lemuel_crystal_altar,
          overflow_temple_1_default, nicolae_overflow_hidden_temple, the_bakery,
          solitary_fountain, grunt_qazlal_clouds, uniq_pikel
D:8:      okawaru_gym_becter, lemuel_altar_in_water2
D:9:      kennysheep_mini_moat, grunt_temple_overflow_diamond
D:10:     uniq_fannar, uniq_erolcha
D:11:     minmay_lair_entry_grove, david_orc_3
D:13:     hangedman_vaults_entry_quadrant_bands, serial_shops, shop_fountains,
          shop, shop, nicolae_shop_behind_doors, shop, serial_park_tiny_1,
          uniq_maurice, uniq_frances
D:14:     basic_altar
D:15:     grunt_enter_depths_snipers, grunt_gozag_breadcrumbs, uniq_urug
Lair:1:   lemuel_old_faithful, lemuel_fruit_tree, grunt_megastairs_4,
          uniq_harold, uniq_joseph
Lair:2:   minmay_lair_oklob_tunnel, minmay_snake_entry_guardpost_medium,
          minmay_holes, grunt_megastairs_2, serial_bayou_shore_b,
          serial_bayou_shore_b, serial_bayou_shore_a
Lair:3:   pond, infiniplex_staircase_pool, serial_bayou_shore_b
Lair:4:   elwin_shoals_entry_stream, enter_volcano_4,
          portal_ice_cave_entry_imps, grunt_megastairs_3
Lair:5:   pond_and_an_island_with_a_cottage
Lair:6:   evilmike_catoblepas_cave, dpeg_slime_entry_enclosed_altar,
          minivault_24
Shoals:1: cheibrodos_shoals_epimethial_gifts, uniq_roxanne, uniq_josephine
Shoals:2: cheibrodos_shoals_roost, serial_shops, shop, lemuel_oklob_altar
Shoals:3: uniq_nikola
Shoals:4: shoals_end_grunt_ice, shoals_ilsuiw_alternative
Snake:1:  nicolae_snake_nest, library_closet, nrook_guardian_serpent_ordinary,
          uniq_louise
Snake:2:  serial_shops, shop, st_stairs_4, spider_trap
Snake:3:  minmay_shop_grove, serial_bayou_shore_b, uniq_vashnia, uniq_mara
Snake:4:  snake_pit
Slime:3:  nicolae_slime_phagocytosis, uniq_dissolution
Slime:4:  cheibrodos_slime_lost_civilization_4
Orc:1:    uniq_snorg
Orc:2:    st_orc_town, uniq_donald
Elf:1:    elf_arrival_002, serial_shops, nicolae_shop_stone,
          minmay_elf_demonology, door_vault
Elf:2:    serial_shops, nicolae_shop_statue_plus
Elf:3:    nooodl_elf_gasket, grunt_ministairs_1
Vaults:1: nicolae_vaults_diagonal_hallway_8, vaults_room_hangedman_quadrants,
          v_misc_12, nicolae_vaults_network_s, vaults_room_fancy_cross,
          v_misc_18, hangedman_vaults_maws, nicolae_vaults_little_squares_1,
          ontoclasm_vaults_misaligned, grunt_vaults_funnel,
          dpeg_vaults_monster_box, serial_shops, shop
Vaults:2: vaults_room_large_hall, hangedman_vaults_stream,
          minmay_crypt_entry_simple_box, vaults_mumra_minichess,
          nicolae_vaults_network_barrier, vaults_room_grunt_arrival_ludios,
          serial_ice_b, vaults_room_hallway, serial_shops, bzr_entry_gold
Vaults:3: hangedman_vaults_nodes, st_quartered_hall, vaults_room_stairs_pillars,
          vaults_room_pools, ontoclasm_vaults_twist, nicolae_vaults_alarming,
          nicolae_vaults_specimen_jars, vaults_room_door_ring,
          vaults_mumra_chevron_long
Vaults:4: nicolae_vaults_angled_halls, v_pattern_1, v_misc_16,
          nicolae_vaults_diagonal_hallway_8, nicolae_vaults_what_the_h,
          nicolae_vaults_little_squares_1, vaults_dpeg_spiral, v_misc_33,
          hangedman_vaults_river_flow, nicolae_vaults_windows_and_doors_thing,
          nicolae_vaults_big_ls, v_misc_16, nicolae_vaults_angled_halls,
          ontoclasm_vaults_ring_large, v_misc_19, uniq_jory
Depths:1: nrook_mini_vaults, grunt_hell_horde, hangedman_decor_opposing,
          hangedman_decor_diamond_cutter, lemuel_flame_loot_1
Depths:2: grated_community_mu, enter_ziggurat_f, marbit_kobold_abyss_entry,
          rand_demon_pan_entry_5, kennysheep_big_empty_room, serial_shops,
          nicolae_shop_temple_entry_statues_fountains, hell_entry, uniq_sojobo
Depths:3: minmay_heptahexagon, kennysheep_cross_bottleneck, pan_entry,
          abyss_entry_flame_altar, grunt_hell_entry_dis_mu,
          minmay_staircase_statues, uniq_jorgrun
Depths:4: gammafunk_mikee_crab_dinner, serial_shops, nicolae_shop_waterfront,
          hangedman_geh_valley, nicolae_two_hexagons, abyss_entry,
          hangedman_corner_corridor, infiniplex_staircase_pool_1
Depths:5: evilmike_zot_entry_diamond, hell_entry, minmay_fountain_box
Zot:1:    st_stairs_1, zot_minivault_1
Zot:4:    st_stairs_1
Bazaar:   bazaar_jpeg_oval
Volcano:  volcano_lake

Notes
Turn   | Place    | Note
-------+----------+-------------------------------------------
     0 | D:1      | marsu the Ghoul Monk began the quest for the Orb.
     0 | D:1      | Reached XP level 1. HP: 19/19 MP: 0/0
   145 | D:1      | Identified a +0 leather armour (You found it on level 1 of the Dungeon)
   328 | D:1      | Reached XP level 2. HP: 26/26 MP: 1/1
   468 | D:1      | Reached skill level 4 in Unarmed Combat
   780 | D:1      | Identified a +0 chain mail (You found it on level 1 of the Dungeon)
   785 | D:1      | Identified a +2 cloak (You found it on level 1 of the Dungeon)
   967 | D:2      | Reached XP level 3. HP: 31/31 MP: 2/2
  1288 | D:2      | Found a shattered altar of Ashenzari.
  1320 | D:2      | Reached skill level 5 in Unarmed Combat
  1347 | D:2      | Became a worshipper of Ashenzari the Shackled
  1347 | D:2      | Reached * piety under Ashenzari
  1347 | D:2      | Identified a ring of stealth (You took it off a kobold on level 2 of the Dungeon)
  1347 | D:2      | Reached ** piety under Ashenzari
  1501 | D:2      | Reached XP level 4. HP: 35/38 MP: 3/3
  1761 | D:3      | Noticed jesusflecha's ghost (amateur HOFi)
  2057 | D:3      | Reached skill level 6 in Unarmed Combat
  2057 | D:3      | Reached XP level 5. HP: 37/45 MP: 4/4
  2244 | D:3      | Identified a +0 pair of boots (You found it on level 2 of the Dungeon)
  2506 | D:3      | Found a bloodstained altar of Trog.
  2821 | D:4      | Reached XP level 6. HP: 51/51 MP: 5/5
  2837 | D:4      | Reached skill level 1 in Armour
  2837 | D:4      | Reached skill level 7 in Unarmed Combat
  2845 | D:4      | Noticed Menkaure
  2865 | D:4      | HP: 10/51 [Menkaure (18)]
  2866 | D:4      | Killed Menkaure
  2866 | D:4      | Reached skill level 4 in Fighting
  3142 | D:4      | Noticed LiquoriceLizzard's ghost (novice HOFi)
  3349 | D:4      | Reached skill level 2 in Armour
  3349 | D:4      | Reached XP level 7. HP: 57/59 MP: 6/6
  3707 | D:4      | Identified 6 scrolls of teleportation
  3889 | D:4      | Identified a scroll of enchant armour
  3890 | D:4      | Identified a scroll of fog
  3891 | D:4      | Identified a scroll of random uselessness
  3892 | D:4      | Identified a scroll of identify
  3892 | D:4      | Identified 2 potions of haste
  4093 | D:5      | Entered Level 5 of the Dungeon
  4107 | D:5      | Found a shadowy altar of Dithmenos.
  4184 | D:5      | Found a sparkling altar of Nemelex Xobeh.
  4308 | D:5      | Reached skill level 5 in Fighting
  4632 | D:5      | Reached skill level 3 in Armour
  4632 | D:5      | Reached skill level 8 in Unarmed Combat
  4837 | D:5      | Reached XP level 8. HP: 69/69 MP: 7/7
  5018 | D:5      | Found a deep blue altar of Sif Muna.
  5086 | D:5      | Identified a ring of teleportation
  5358 | D:6      | Identified 3 potions of heal wounds
  5359 | D:6      | Identified 2 potions of curing
  5360 | D:6      | Identified a scroll of enchant weapon
  5367 | D:6      | Found a transporter.
  5481 | D:6      | Reached skill level 6 in Fighting
  5481 | D:6      | Reached skill level 4 in Armour
  5794 | D:6      | Reached *** piety under Ashenzari
  5804 | D:6      | Noticed Grinder
  5805 | D:6      | Paralysed by Grinder for 2 turns
  5831 | D:6      | Killed Grinder
  5843 | D:6      | Paralysed by an orc wizard for 3 turns
  5846 | D:6      | Reached skill level 7 in Fighting
  5883 | D:6      | Found a sacrificial altar of Ru.
  5933 | D:6      | Reached skill level 5 in Armour
  5944 | D:6      | Found a transporter.
  5996 | D:6      | Found a staircase to the Ecumenical Temple.
  6178 | D:7      | Found a glowing golden altar of the Shining One.
  6241 | D:7      | Identified a +0 pair of gloves (You found it on level 7 of the Dungeon)
  6296 | D:7      | Found a snail-covered altar of Cheibriados.
  6333 | D:7      | Reached XP level 9. HP: 70/79 MP: 8/8
  6413 | D:7      | Found a stormy altar of Qazlal.
  6461 | D:7      | Found a sacrificial altar of Ru.
  6484 | D:7      | Noticed Pikel
  6500 | D:7      | Killed Pikel
  6500 | D:7      | Reached skill level 8 in Fighting
  6500 | D:7      | Reached skill level 6 in Armour
  6667 | D:7      | Reached skill level 9 in Fighting
  6802 | D:7      | Identified a ring of intelligence
  6856 | D:7      | Found a blossoming altar of Fedhas.
  7357 | D:8      | Reached skill level 7 in Armour
  7471 | D:8      | Identified a +2 pair of gloves (You found it on level 8 of the Dungeon)
  7754 | D:8      | Found an iron altar of Okawaru.
  7898 | D:8      | Reached XP level 10. HP: 92/92 MP: 9/9
  7899 | D:8      | Reached skill level 3 in Dodging
  7933 | D:8      | Found a shadowy altar of Dithmenos.
  7934 | D:8      | Identified a ring of strength
  8233 | D:4      | Killed LiquoriceLizzard's ghost
  8233 | D:4      | Reached skill level 10 in Fighting
  8545 | D:3      | Killed jesusflecha's ghost
  8592 | D:4      | Found a radiant altar of Vehumet.
  9075 | D:8      | Reached skill level 8 in Armour
  9344 | D:9      | Got the uncursed scale mail of the Learner {rElec}
  9357 | D:9      | Identified the +5 scale mail of the Learner {rElec} (You found it on level 9 of the Dungeon)
  9362 | D:9      | Identified a ring of dexterity
  9647 | D:9      | Reached skill level 4 in Dodging
  9708 | D:9      | Identified a ring of magical power
  9752 | D:9      | Reached skill level 9 in Unarmed Combat
  9759 | D:9      | Identified a ring of ice (You took it off a centaur on level 9 of the Dungeon)
  9882 | D:9      | Found a shimmering altar of Xom.
 10224 | D:9      | Noticed a purple ugly thing
 10236 | D:9      | Killed a purple ugly thing
 10245 | D:9      | Found a glowing silver altar of Zin.
 10248 | D:9      | Found a burning altar of Makhleb.
 10251 | D:9      | Found an ornate altar of the Wu Jian Council.
 10411 | D:10     | Entered Level 10 of the Dungeon
 10433 | D:10     | Noticed Erolcha
 10436 | D:9      | Reached skill level 5 in Dodging
 10692 | D:10     | Killed Erolcha
 10692 | D:10     | Reached skill level 11 in Fighting
 10692 | D:10     | Reached XP level 11. HP: 100/102 MP: 10/10
 10761 | D:10     | Reached skill level 10 in Unarmed Combat
 11161 | D:10     | Noticed Fannar
 11266 | D:10     | Reached skill level 6 in Dodging
 11269 | D:10     | Identified 3 potions of agility
 11270 | D:10     | Identified 2 potions of degeneration
 11271 | D:10     | Identified a potion of invisibility
 11272 | D:10     | Identified a scroll of noise
 11273 | D:10     | Identified a scroll of blinking
 11274 | D:10     | Identified 2 scrolls of magic mapping
 11275 | D:10     | Identified a scroll of fear
 11325 | D:10     | Killed Fannar
 11504 | D:11     | Noticed a two-headed ogre
 11507 | D:11     | Noticed a cyclops
 11845 | D:11     | Killed a cyclops
 12290 | D:11     | Reached skill level 12 in Fighting
 12362 | D:11     | Noticed an ogre mage
 12362 | D:11     | Noticed a two-headed ogre
 12362 | D:11     | Noticed a two-headed ogre
 12484 | D:10     | Killed a two-headed ogre
 12484 | D:10     | Reached skill level 7 in Dodging
 12778 | D:11     | Reached skill level 11 in Unarmed Combat
 12929 | D:11     | Killed an ogre mage
 13204 | D:10     | Killed a two-headed ogre
 13204 | D:10     | Reached XP level 12. HP: 70/113 MP: 11/11
 13429 | D:11     | Identified a ring of positive energy
 13432 | D:11     | Found a staircase to the Lair.
 13828 | D:10     | HP: 23/113 [skeletal warrior/flail[a skeletal warrior] (16)]
 13837 | D:10     | HP: 20/113 [skeletal warrior/flail[a skeletal warrior] (3)]
 13838 | D:10     | HP: 1/113 [skeletal warrior/flail[a skeletal warrior] (19)]
 14294 | D:11     | Found a staircase to the Orcish Mines.
 14313 | D:11     | Reached skill level 8 in Dodging
 14976 | D:11     | Reached skill level 13 in Fighting
 14976 | D:11     | Reached skill level 12 in Unarmed Combat
 15752 | Lair:1   | Entered Level 1 of the Lair of Beasts
 15752 | Lair:1   | Noticed Harold
 15764 | Lair:1   | Killed Harold
 16129 | Lair:1   | Reached skill level 9 in Dodging
 16650 | Lair:1   | Reached **** piety under Ashenzari
 17035 | Lair:1   | Noticed an eight-headed hydra
 17120 | Lair:1   | Noticed a seven-headed hydra
 17151 | Lair:1   | Killed a seven-headed hydra
 17151 | Lair:1   | Reached XP level 13. HP: 123/123 MP: 12/12
 17379 | Lair:1   | Reached skill level 13 in Unarmed Combat
 17761 | Lair:1   | Noticed Joseph
 17763 | Lair:1   | Identified a ring of fire
 17780 | Lair:1   | Killed Joseph
 17802 | Lair:1   | Identified a +2 buckler (You found it on level 6 of the Dungeon)
 18039 | Lair:2   | Reached skill level 1 in Shields
 18480 | Lair:2   | Reached skill level 2 in Shields
 18689 | Lair:2   | Found a staircase to the Snake Pit.
 18773 | Lair:2   | Reached skill level 14 in Fighting
 19128 | Lair:2   | Reached skill level 3 in Shields
 20524 | Lair:3   | Reached skill level 4 in Shields
 20609 | Lair:3   | Reached skill level 14 in Unarmed Combat
 21158 | Lair:3   | Reached ***** piety under Ashenzari
 21719 | Lair:4   | Found a dark tunnel.
 21726 | Volcano  | Entered a volcano
 22028 | Volcano  | Found a radiant altar of Vehumet.
 22044 | Volcano  | Noticed a stone giant
 22062 | Volcano  | HP: 26/118 [stone giant (18)]
 22067 | Volcano  | HP: 4/124 [stone giant (28)]
 22073 | Volcano  | HP: 21/124 [stone giant (12)]
 22074 | Volcano  | Killed a stone giant
 22078 | Volcano  | Identified 2 potions of ambrosia
 22097 | Volcano  | HP: 12/124 [earth elemental (22)]
 22518 | Lair:4   | Identified a +2 plate armour of fire resistance {rF+} (You found it in a volcano)
 22572 | Lair:4   | Identified a ring of loudness
 22630 | Lair:4   | Reached skill level 15 in Unarmed Combat
 23056 | Lair:4   | Found a staircase to the Shoals.
 23134 | Lair:4   | Reached XP level 14. HP: 122/132 MP: 13/13
 23143 | Lair:4   | Noticed Tenshin's ghost (journeyman MiBe)
 23178 | Lair:4   | Killed Tenshin's ghost
 23271 | Lair:4   | Identified 2 potions of lignification
 23272 | Lair:4   | Identified 5 potions of brilliance
 23273 | Lair:4   | Identified a potion of berserk rage
 23293 | Lair:4   | Identified a +0 pair of gloves
 23484 | Lair:4   | Identified a +0 robe
 23894 | Lair:5   | Identified a +0 robe
 24198 | Lair:5   | Identified a +0 robe
 24315 | Lair:5   | Identified a +0 ring mail
 24620 | Lair:5   | Identified a +0 robe (You took it off a necromancer on level 5 of the Lair of Beasts)
 24724 | Lair:5   | Identified a ring of evasion
 24899 | Lair:6   | Entered Level 6 of the Lair of Beasts
 24927 | Lair:5   | Reached skill level 16 in Unarmed Combat
 25107 | Lair:6   | Identified a +0 chain mail
 25339 | Lair:6   | Identified a +0 chain mail
 25357 | Lair:6   | Identified a +0 leather armour
 25433 | Lair:6   | Reached skill level 9 in Armour
 25938 | Lair:6   | Reached skill level 15 in Fighting
 25980 | Lair:6   | Got the mace "Oddygrut" {speed, +Rage MR+ Dex+2}
 26470 | Lair:6   | Found a viscous altar of Jiyva.
 26470 | Lair:6   | Found a staircase to the Slime Pits.
 27073 | Lair:6   | Reached skill level 10 in Armour
 27235 | Lair:6   | Identified a cursed scarf of repulsion
 27243 | Lair:6   | Got the hand crossbow "Viokaeqo" {velocity, rF++ Str+4 Int-5}
 27404 | Lair:1   | Identified a +0 ring mail (You took it off Harold on level 1 of the Lair of Beasts)
 27418 | D:11     | Identified a +0 robe
 27426 | D:11     | Identified a cursed +0 plate armour (You took it off an orc warrior on level 11 of the Dungeon)
 27444 | D:11     | Identified a +0 scale mail (You found it on level 11 of the Dungeon)
 27455 | D:12     | Identified a +0 plate armour (You took it off an orc warrior on level 12 of the Dungeon)
 27460 | D:12     | Identified a +0 leather armour (You took it off an orc on level 12 of the Dungeon)
 27491 | D:12     | Identified a +0 chain mail (You took it off an orc on level 12 of the Dungeon)
 27497 | D:12     | Identified a +0 robe (You took it off an orc wizard on level 12 of the Dungeon)
 27632 | D:12     | Identified a +0 chain mail (You took it off an orc warrior on level 12 of the Dungeon)
 27773 | D:12     | Identified a scroll of amnesia
 27774 | D:12     | Identified a scroll of holy word
 28175 | D:13     | Reached XP level 15. HP: 96/137 MP: 14/14
 28381 | D:13     | Identified a +0 ring mail (You took it off an orc on level 13 of the Dungeon)
 28428 | D:13     | Identified a +0 robe (You took it off an orc wizard on level 13 of the Dungeon)
 28575 | D:13     | Identified a +0 chain mail (You took it off an orc knight on level 13 of the Dungeon)
 28586 | D:13     | Identified a +0 robe (You took it off an orc wizard on level 13 of the Dungeon)
 28837 | D:13     | Found a gate to the Vaults.
 28935 | D:13     | Identified a +0 scale mail
 28951 | D:13     | Found Ufeasud's Food Boutique.
 28980 | D:13     | Found Wydghi's Jewellery Shoppe.
 28986 | D:13     | Bought the ring of Okawaru's Generosity {rCorr +Blink MR+++ Int-5 Stlth+} for 487 gold pieces
 29017 | D:13     | Found Toon's Antique Armour Shop.
 29066 | D:13     | Identified a +0 ring mail
 29079 | D:13     | Found Qemiddu's Jewellery Shop.
 29082 | D:13     | Bought the amulet of the Tired Gods {Reflect rF+ Str+4 Dex+2 Slay+2 SH+2} for 637 gold pieces
 29085 | D:13     | Noticed Maurice
 29111 | D:13     | Killed Maurice
 29111 | D:13     | Identified a +0 cloak (You took it off Maurice on level 13 of the Dungeon)
 29116 | D:13     | Found Jizufeg's Magic Scroll Emporium.
 29124 | D:13     | Bought a scroll of enchant armour for 135 gold pieces
 29124 | D:13     | Bought a scroll of teleportation for 54 gold pieces
 29124 | D:13     | Bought a scroll of teleportation for 54 gold pieces
 29124 | D:13     | Bought a scroll of fear for 63 gold pieces
 29134 | D:13     | Noticed Frances
 29162 | D:13     | Killed Frances
 29162 | D:13     | Identified a +0 scale mail (You took it off Frances on level 13 of the Dungeon)
 29162 | D:13     | Reached skill level 16 in Fighting
 29630 | D:13     | Learned a level 1 spell: Apportation
 29631 | D:13     | Identified 4 potions of flight
 29632 | D:13     | Identified 2 potions of resistance
 29633 | D:13     | Identified a scroll of silence
 29634 | D:13     | Identified a potion of mutation
 29671 | D:13     | Identified a +2 leather armour of cold resistance
 29676 | D:13     | Identified a +0 ring mail (You took it off an orc on level 13 of the Dungeon)
 29677 | D:13     | Identified a +0 leather armour (You took it off an orc on level 13 of the Dungeon)
 29681 | D:13     | Identified a +2 leather armour of positive energy (You took it off an orc on level 13 of the Dungeon)
 29972 | D:14     | Reached skill level 11 in Armour
 30222 | D:14     | Found a glowing golden altar of the Shining One.
 30341 | D:14     | Identified a +0 leather armour
 30341 | D:14     | Identified a +0 ring mail (You took it off an orc on level 3 of the Dungeon)
 30341 | D:14     | Identified a +0 robe (You took it off an orc wizard on level 3 of the Dungeon)
 30341 | D:14     | Identified a +0 chain mail
 30341 | D:14     | Identified a +0 ring mail (You found it on level 3 of the Dungeon)
 30341 | D:14     | Identified a cursed +0 ring mail (You took it off an orc on level 3 of the Dungeon)
 30341 | D:14     | Identified a +0 robe (You took it off an orc wizard on level 3 of the Dungeon)
 30341 | D:14     | Identified a +0 leather armour (You took it off an orc priest on level 4 of the Dungeon)
 30341 | D:14     | Identified a +0 ring mail (You took it off an orc on level 4 of the Dungeon)
 30341 | D:14     | Identified a +0 leather armour
 30341 | D:14     | Identified a cursed +0 robe (You took it off an orc wizard on level 4 of the Dungeon)
 30341 | D:14     | Identified a +0 leather armour (You found it on level 5 of the Dungeon)
 30341 | D:14     | Identified a +0 ring mail (You found it on level 6 of the Dungeon)
 30341 | D:14     | Identified a cursed +0 robe
 30341 | D:14     | Identified a +0 robe
 30341 | D:14     | Identified a +0 robe (You took it off an orc wizard on level 6 of the Dungeon)
 30341 | D:14     | Identified a +0 leather armour
 30341 | D:14     | Identified a +0 chain mail
 30341 | D:14     | Identified a +0 plate armour
 30341 | D:14     | Identified a +0 robe (You took it off Pikel on level 7 of the Dungeon)
 30341 | D:14     | Identified a +0 animal skin (You found it on level 7 of the Dungeon)
 30341 | D:14     | Identified a +0 animal skin (You found it on level 7 of the Dungeon)
 30341 | D:14     | Identified a +0 chain mail (You took it off an orc priest on level 7 of the Dungeon)
 30341 | D:14     | Identified a +0 robe (You took it off a spriggan on level 7 of the Dungeon)
 30341 | D:14     | Identified a +0 robe (You found it on level 7 of the Dungeon)
 30341 | D:14     | Identified a +0 leather armour (You found it on level 7 of the Dungeon)
 30341 | D:14     | Identified a +0 robe
 30341 | D:14     | Identified a +0 robe (You found it on level 9 of the Dungeon)
 30341 | D:14     | Identified a +0 robe
 30341 | D:14     | Identified a +0 leather armour (You took it off an orc priest on level 10 of the Dungeon)
 30341 | D:14     | Identified a cursed +0 robe (You took it off Erolcha on level 10 of the Dungeon)
 30341 | D:14     | Identified a +0 leather armour (You took it off an orc priest on level 10 of the Dungeon)
 30341 | D:14     | Identified a +0 leather armour (You took it off an orc on level 10 of the Dungeon)
 30341 | D:14     | Identified a +2 robe of cold resistance {rC+} (You took it off Fannar on level 10 of the Dungeon)
 30341 | D:14     | Identified a cursed +0 robe (You took it off an ogre mage on level 11 of the Dungeon)
 30341 | D:14     | Identified a +0 plate armour (You took it off an orc warrior on level 11 of the Dungeon)
 30341 | D:14     | Identified a cursed +0 ring mail (You took it off an orc on level 11 of the Dungeon)
 30341 | D:14     | Identified a +0 robe (You took it off an orc priest on level 11 of the Dungeon)
 30341 | D:14     | Identified a +0 ring mail (You took it off an orc on level 11 of the Dungeon)
 30341 | D:14     | Identified a cursed +0 plate armour (You took it off an orc warrior on level 11 of the Dungeon)
 30341 | D:14     | Identified a +0 ring mail
 30341 | D:14     | Identified a +0 chain mail
 30341 | D:14     | Identified a +0 ring mail (You took it off Joseph on level 1 of the Lair of Beasts)
 30341 | D:14     | Identified a +0 ring mail (You took it off Harold on level 1 of the Lair of Beasts)
 30341 | D:14     | Identified a cursed +0 ring mail (You found it on level 2 of the Lair of Beasts)
 30341 | D:14     | Identified a +0 robe (You took it off a naga on level 2 of the Lair of Beasts)
 30341 | D:14     | Identified a +0 robe (You took it off a naga on level 2 of the Lair of Beasts)
 30341 | D:14     | Identified a +0 ring mail
 30341 | D:14     | Identified a +0 robe
 30341 | D:14     | Identified a +0 robe
 30341 | D:14     | Identified a +0 plate armour
 30341 | D:14     | Identified a +0 leather armour
 30341 | D:14     | Identified a +0 scale mail
 30341 | D:14     | Identified a +0 scale mail
 30354 | D:14     | Identified an amulet of rage
 30669 | D:15     | Entered Level 15 of the Dungeon
 30765 | D:15     | Identified a +0 scale mail (You took it off an orc on level 15 of the Dungeon)
 30767 | D:15     | Identified a +0 chain mail (You took it off an orc warrior on level 15 of the Dungeon)
 30769 | D:15     | Identified a +0 leather armour (You took it off an orc on level 15 of the Dungeon)
 30775 | D:15     | Identified a +0 scale mail (You took it off an orc on level 15 of the Dungeon)
 30778 | D:15     | Identified a +0 robe (You took it off an orc wizard on level 15 of the Dungeon)
 31075 | D:15     | Identified a +0 plate armour
 31147 | D:15     | Noticed a frost giant
 31161 | D:15     | Killed a frost giant
 31230 | D:15     | Identified a +0 troll leather armour
 31305 | D:15     | Identified a +0 robe (You took it off an ogre mage on level 15 of the Dungeon)
 31480 | D:15     | Found an opulent altar of Gozag.
 31530 | D:15     | Noticed Urug
 31544 | D:15     | Killed Urug
 31544 | D:15     | Identified a +0 chain mail (You took it off Urug on level 15 of the Dungeon)
 31667 | D:15     | Identified a +0 leather armour (You took it off a tengu warrior on level 15 of the Dungeon)
 31841 | D:15     | Found a staircase to the Depths.
 31996 | D:11     | Identified a +0 ring mail (You took it off an orc on level 11 of the Dungeon)
 31996 | D:11     | Identified a +0 plate armour (You took it off an orc warrior on level 11 of the Dungeon)
 32001 | D:11     | Identified a +0 robe (You took it off an orc priest on level 11 of the Dungeon)
 32055 | Lair:2   | Identified a +0 robe
 32063 | Snake:1  | Entered Level 1 of the Snake Pit
 32113 | Snake:1  | HP: 35/145 [shock serpent/bolt of electricity (17)]
 32118 | Snake:1  | HP: 22/145 [black mamba (12)]
 32516 | Snake:1  | Reached skill level 1 in Evocations
 32532 | Snake:1  | Identified a +0 robe (You took it off a naga warrior on level 1 of the Snake Pit)
 32660 | Snake:1  | Identified a +0 plate armour
 32870 | Snake:1  | Reached skill level 17 in Unarmed Combat
 32900 | Snake:1  | Identified a +0 robe (You took it off a naga ritualist on level 1 of the Snake Pit)
 32913 | Snake:1  | Reached skill level 2 in Evocations
 32913 | Snake:1  | Reached XP level 16. HP: 95/151 MP: 8/16
 33118 | Snake:1  | Identified a +0 robe (You took it off a naga on level 1 of the Snake Pit)
 33318 | Snake:1  | Identified a +0 ring mail
 33418 | Snake:1  | Identified a ring of protection from magic
 33461 | Snake:1  | Identified a cursed -2 robe (You took it off a naga mage on level 1 of the Snake Pit)
 33618 | Snake:1  | Identified a ring of protection from cold
 33625 | Snake:1  | Identified a potion of might
 33639 | Snake:1  | Noticed Roak's ghost (adept TrWr)
 33848 | Snake:1  | Killed Roak's ghost
 34063 | Snake:1  | Identified a +0 robe
 34087 | Snake:1  | Identified a potion of magic
 34117 | Snake:1  | Identified the Compendium of Damage Dealing
 34256 | Snake:1  | Noticed Louise
 34278 | Snake:1  | Killed Louise
 34278 | Snake:1  | Identified a +0 plate armour (You took it off Louise on level 1 of the Snake Pit)
 34278 | Snake:1  | Reached skill level 3 in Evocations
 34426 | Snake:2  | Noticed a nagaraja
 34638 | Snake:2  | Reached skill level 12 in Armour
 34644 | Snake:2  | Identified a +0 robe (You took it off a naga on level 2 of the Snake Pit)
 34773 | Snake:2  | Killed a nagaraja
 34773 | Snake:2  | Identified a +0 robe (You took it off a nagaraja on level 2 of the Snake Pit)
 34777 | Snake:2  | Reached skill level 17 in Fighting
 34996 | Snake:2  | Identified a +0 robe (You took it off a naga on level 2 of the Snake Pit)
 35122 | Snake:2  | Identified 2 scrolls of vulnerability
 35229 | Snake:2  | Reached ****** piety under Ashenzari
 35425 | Snake:2  | Identified a +0 pair of gloves
 35611 | Snake:2  | Found Yfrooh's Magic Scroll Emporium.
 35700 | Snake:2  | Identified an amulet of guardian spirit
 36093 | Snake:3  | Identified a +0 robe (You took it off a naga on level 3 of the Snake Pit)
 36145 | Snake:3  | Identified a +0 robe (You took it off a salamander mystic on level 3 of the Snake Pit)
 36145 | Snake:3  | Reached skill level 4 in Evocations
 36265 | Snake:3  | Identified a +0 leather armour
 36300 | Snake:3  | Identified a +0 robe (You took it off a naga on level 3 of the Snake Pit)
 36351 | Snake:3  | Identified a +0 robe (You took it off a naga mage on level 3 of the Snake Pit)
 36382 | Snake:3  | Reached skill level 18 in Unarmed Combat
 36388 | Snake:3  | Identified a +0 robe (You took it off a naga on level 3 of the Snake Pit)
 36560 | Snake:3  | Identified a +0 scale mail
 36569 | Snake:3  | Noticed a nagaraja
 36590 | Snake:3  | Killed a nagaraja
 36590 | Snake:3  | Identified a +0 robe (You took it off a nagaraja on level 3 of the Snake Pit)
 36713 | Snake:3  | Identified a +0 ring mail
 36780 | Snake:3  | Identified a +0 robe (You took it off a naga warrior on level 3 of the Snake Pit)
 36788 | Snake:3  | Identified a +0 robe (You took it off a naga warrior on level 3 of the Snake Pit)
 36924 | Snake:3  | Noticed Vashnia
 37033 | Snake:3  | Identified a cursed -1 robe (You took it off a naga sharpshooter on level 3 of the Snake Pit)
 37047 | Snake:3  | Killed Vashnia
 37047 | Snake:3  | Reached skill level 5 in Evocations
 37308 | Snake:3  | Identified a +0 robe (You took it off a naga sharpshooter on level 3 of the Snake Pit)
 37457 | Snake:3  | Found Kamaf's Jewellery Boutique.
 37457 | Snake:3  | Found Boluet's Gadget Emporium.
 37609 | Snake:3  | Identified a +0 ring mail
 37654 | Snake:3  | Identified a +0 robe (You took it off a naga warrior on level 3 of the Snake Pit)
 37712 | Snake:3  | Noticed a nagaraja
 37724 | Snake:3  | Killed a nagaraja
 37724 | Snake:3  | Reached XP level 17. HP: 122/162 MP: 18/20
 38044 | Snake:3  | Found Fejuedar's Jewellery Boutique.
 38124 | Snake:3  | Identified a +0 robe (You took it off a salamander mystic on level 3 of the Snake Pit)
 38138 | Snake:3  | Noticed Mara
 38175 | Snake:3  | Noticed marsu's illusion
 38290 | Snake:3  | Identified a +0 robe (You took it off a naga warrior on level 3 of the Snake Pit)
 38519 | Snake:3  | Killed Mara
 38519 | Snake:3  | Identified a +0 robe (You took it off Mara on level 3 of the Snake Pit)
 38519 | Snake:3  | Reached skill level 6 in Evocations
 38733 | Snake:4  | Entered Level 4 of the Snake Pit
 38733 | Snake:4  | Identified a +0 leather armour
 38769 | Snake:3  | Identified a cursed -2 robe (You took it off a naga on level 3 of the Snake Pit)
 38805 | Snake:3  | Reached skill level 19 in Unarmed Combat
 38861 | Snake:3  | Identified a +2 large shield (You took it off a naga warrior on level 3 of the Snake Pit)
 39163 | Snake:4  | Identified a +0 robe (You took it off a naga on level 4 of the Snake Pit)
 39215 | Snake:4  | Identified a +0 robe (You took it off a naga on level 4 of the Snake Pit)
 39229 | Snake:4  | Identified the +1 ring mail of Eluiv {rElec rC+}
 39329 | Snake:4  | Identified a +0 robe
 39628 | Snake:4  | Identified a +0 robe (You took it off a naga mage on level 4 of the Snake Pit)
 40151 | Snake:4  | Identified a +0 robe (You took it off a naga on level 4 of the Snake Pit)
 40240 | Snake:4  | Identified a +0 robe (You took it off a naga sharpshooter on level 4 of the Snake Pit)
 40266 | Snake:4  | Identified a +0 robe (You took it off a naga mage on level 4 of the Snake Pit)
 40285 | Snake:4  | Identified a +0 robe (You took it off a naga mage on level 4 of the Snake Pit)
 40315 | Snake:4  | Identified a +0 robe (You took it off a naga ritualist on level 4 of the Snake Pit)
 40388 | Snake:4  | Identified a +0 robe (You took it off a naga mage on level 4 of the Snake Pit)
 40468 | Snake:4  | Identified a +0 robe (You took it off a naga mage on level 4 of the Snake Pit)
 40487 | Snake:4  | Identified a +0 robe (You took it off a naga sharpshooter on level 4 of the Snake Pit)
 40521 | Snake:4  | Identified a +0 robe (You took it off a nagaraja on level 4 of the Snake Pit)
 40521 | Snake:4  | Reached skill level 18 in Fighting
 40636 | Snake:4  | Identified a +0 robe (You took it off a naga warrior on level 4 of the Snake Pit)
 40652 | Snake:4  | Identified a cursed +0 robe (You took it off a naga on level 4 of the Snake Pit)
 40655 | Snake:4  | Identified a +0 robe
 40787 | Snake:4  | Identified a +0 robe (You took it off a nagaraja on level 4 of the Snake Pit)
 40787 | Snake:4  | Reached skill level 10 in Dodging
 40828 | Snake:4  | Identified a +0 robe (You took it off a nagaraja on level 4 of the Snake Pit)
 40929 | Snake:4  | Identified a +0 robe of positive energy (You took it off a naga mage on level 4 of the Snake Pit)
 40964 | Snake:4  | Identified a +0 robe (You took it off a nagaraja on level 4 of the Snake Pit)
 40975 | Snake:4  | Identified a +0 robe (You took it off a nagaraja on level 4 of the Snake Pit)
 41097 | Snake:4  | Identified a +0 robe (You took it off a naga on level 4 of the Snake Pit)
 41170 | Snake:4  | Identified a +0 robe (You took it off a nagaraja on level 4 of the Snake Pit)
 41170 | Snake:4  | Reached skill level 20 in Unarmed Combat
 41194 | Snake:4  | Identified a cursed +0 robe (You took it off a nagaraja on level 4 of the Snake Pit)
 41215 | Snake:4  | Got a serpentine rune of Zot
 41425 | Orc:1    | Entered Level 1 of the Orcish Mines
 41477 | Orc:1    | Identified a +0 plate armour (You took it off an orc warrior on level 1 of the Orcish Mines)
 41479 | Orc:1    | Identified a +0 leather armour (You took it off an orc on level 1 of the Orcish Mines)
 41485 | Orc:1    | Identified a +0 ring mail (You took it off an orc on level 1 of the Orcish Mines)
 41486 | Orc:1    | Identified a +0 ring mail (You took it off an orc on level 1 of the Orcish Mines)
 41495 | Orc:1    | Identified a +0 robe (You took it off an orc wizard on level 1 of the Orcish Mines)
 41545 | Orc:1    | Identified a +0 leather armour (You took it off an orc on level 1 of the Orcish Mines)
 41547 | Orc:1    | Identified a cursed +0 chain mail (You took it off an orc on level 1 of the Orcish Mines)
 41553 | Orc:1    | Identified a +0 chain mail (You took it off an orc warrior on level 1 of the Orcish Mines)
 41615 | Orc:1    | Identified a +0 chain mail (You took it off an orc priest on level 1 of the Orcish Mines)
 41621 | Orc:1    | Identified a cursed +0 robe (You took it off an orc wizard on level 1 of the Orcish Mines)
 41721 | Orc:1    | Noticed Snorg
 41741 | Orc:1    | Killed Snorg
 41841 | Orc:1    | Identified a scroll of immolation
 41961 | Orc:2    | Entered Level 2 of the Orcish Mines
 42027 | Orc:2    | Identified a +0 scale mail (You took it off an orc priest on level 2 of the Orcish Mines)
 42035 | Orc:2    | Identified a +0 leather armour (You took it off an orc priest on level 2 of the Orcish Mines)
 42050 | Orc:2    | Identified a +0 ring mail (You took it off an orc on level 2 of the Orcish Mines)
 42142 | Orc:2    | Identified a +0 leather armour of magic resistance (You took it off an orc priest on level 2 of the Orcish Mines)
 42146 | Orc:2    | Identified a +3 leather armour (You took it off an orc priest on level 2 of the Orcish Mines)
 42151 | Orc:2    | Identified a +0 ring mail (You took it off an orc on level 2 of the Orcish Mines)
 42154 | Orc:2    | Identified a +0 ring mail (You took it off an orc on level 2 of the Orcish Mines)
 42282 | Orc:2    | Identified a +0 scale mail (You took it off an orc on level 2 of the Orcish Mines)
 42305 | Orc:2    | Identified a +0 robe (You took it off an orc sorcerer on level 2 of the Orcish Mines)
 42327 | Orc:2    | Identified a +0 leather armour (You took it off an orc priest on level 2 of the Orcish Mines)
 42343 | Orc:2    | Identified a +0 ring mail (You took it off an orc priest on level 2 of the Orcish Mines)
 42347 | Orc:2    | Identified a +0 leather armour (You took it off an orc on level 2 of the Orcish Mines)
 42350 | Orc:2    | Identified a +0 leather armour (You took it off an orc on level 2 of the Orcish Mines)
 42352 | Orc:2    | Identified a +0 leather armour (You took it off an orc on level 2 of the Orcish Mines)
 42354 | Orc:2    | Found a roughly hewn altar of Beogh.
 42366 | Orc:2    | Identified a +0 leather armour (You took it off an orc priest on level 2 of the Orcish Mines)
 42390 | Orc:2    | Identified a +0 ring mail of magic resistance (You took it off an orc high priest on level 2 of the Orcish Mines)
 42393 | Orc:2    | Identified a +0 leather armour (You took it off an orc priest on level 2 of the Orcish Mines)
 42394 | Orc:2    | Identified a +0 leather armour (You took it off an orc priest on level 2 of the Orcish Mines)
 42395 | Orc:2    | Identified a +0 leather armour (You took it off an orc on level 2 of the Orcish Mines)
 42398 | Orc:2    | Identified a +0 scale mail (You took it off an orc priest on level 2 of the Orcish Mines)
 42401 | Orc:2    | Reached XP level 18. HP: 106/170 MP: 21/21
 42476 | Orc:2    | Identified a +0 ring mail (You took it off an orc priest on level 2 of the Orcish Mines)
 42499 | Orc:2    | Found Agenise's Antique Weapon Shop.
 42499 | Orc:2    | Found Togialon's Jewellery Shoppe.
 42551 | Orc:2    | Identified a +3 leather armour (You took it off an orc on level 2 of the Orcish Mines)
 42555 | Orc:2    | Identified a +2 leather armour of poison resistance (You took it off an orc on level 2 of the Orcish Mines)
 42570 | Orc:2    | Identified a +0 ring mail (You took it off an orc on level 2 of the Orcish Mines)
 42579 | Orc:2    | Identified a +0 ring mail (You took it off an orc priest on level 2 of the Orcish Mines)
 42591 | Orc:2    | Found Ciomn's Armour Shop.
 42591 | Orc:2    | Found Jisunat's Book Shoppe.
 42597 | Orc:2    | Identified a +0 scale mail (You took it off an orc on level 2 of the Orcish Mines)
 42611 | Orc:2    | Identified a +0 ring mail (You took it off an orc on level 2 of the Orcish Mines)
 42612 | Orc:2    | Identified a +0 leather armour (You took it off an orc priest on level 2 of the Orcish Mines)
 42706 | Orc:2    | Found a staircase to the Elven Halls.
 42809 | Orc:2    | Noticed Donald
 42831 | Orc:2    | Killed Donald
 42831 | Orc:2    | Identified a +0 plate armour (You took it off Donald on level 2 of the Orcish Mines)
 42835 | Orc:2    | Identified a +0 plate armour (You took it off an orc warrior on level 2 of the Orcish Mines)
 42837 | Orc:2    | Identified a +0 robe (You took it off an orc wizard on level 2 of the Orcish Mines)
 42867 | Orc:2    | Identified a +2 shield (You took it off Donald on level 2 of the Orcish Mines)
 42947 | Orc:2    | Identified a +0 leather armour (You took it off an orc on level 2 of the Orcish Mines)
 42975 | Orc:2    | Identified a cursed +0 chain mail (You took it off an orc warrior on level 2 of the Orcish Mines)
 42978 | Orc:2    | Identified a +0 plate armour (You took it off an orc warrior on level 2 of the Orcish Mines)
 42981 | Orc:2    | Identified a +0 leather armour (You took it off an orc on level 2 of the Orcish Mines)
 42984 | Orc:2    | Identified a +0 ring mail (You took it off an orc on level 2 of the Orcish Mines)
 43192 | Elf:1    | Entered Level 1 of the Elven Halls
 43192 | Elf:1    | Identified a +0 robe
 43202 | Orc:2    | Identified a +0 ring mail (You took it off a deep elf knight on level 2 of the Orcish Mines)
 43279 | Elf:1    | Reached skill level 5 in Shields
 43282 | Elf:1    | Identified a +3 leather armour (You took it off a deep elf mage on level 1 of the Elven Halls)
 43290 | Elf:1    | Identified a +0 leather armour (You took it off a deep elf archer on level 1 of the Elven Halls)
 43326 | Elf:1    | Identified a +0 ring mail (You took it off a deep elf mage on level 1 of the Elven Halls)
 43339 | Elf:1    | Identified a +0 scale mail
 43345 | Elf:1    | HP: 43/172 [short sword of freezing (6)]
 43350 | Elf:1    | HP: 28/172 [deep elf knight/shard of ice (9)]
 43957 | Shoals:1 | Entered Level 1 of the Shoals
 43992 | Lair:4   | Reached skill level 6 in Shields
 44403 | Shoals:1 | Noticed Josephine
 44415 | Shoals:1 | Reached skill level 7 in Shields
 44468 | Shoals:1 | Killed Josephine
 44468 | Shoals:1 | Identified a +2 robe of magic resistance (You took it off Josephine on level 1 of the Shoals)
 44530 | Shoals:1 | Identified a +0 plate armour
 44642 | Shoals:1 | Identified a +0 leather armour
 44666 | Shoals:1 | Identified a cursed +0 leather armour (You took it off a merfolk javelineer on level 1 of the Shoals)
 44676 | Shoals:1 | Identified a +0 robe (You took it off a merfolk impaler on level 1 of the Shoals)
 45015 | Shoals:1 | Reached skill level 8 in Shields
 45624 | Shoals:1 | Noticed Roxanne
 45670 | Shoals:1 | HP: 32/171 [Roxanne/iron shot (42)]
 45683 | Shoals:1 | Killed Roxanne
 45683 | Shoals:1 | Reached skill level 9 in Shields
 45972 | Shoals:1 | Identified a +0 robe (You took it off a merfolk impaler on level 1 of the Shoals)
 46168 | Shoals:1 | Identified a +0 robe (You took it off a merfolk aquamancer on level 1 of the Shoals)
 46270 | Shoals:1 | marsu: ??engulf
 46270 | Shoals:1 | beem: water elemental[1/2]: Hits somewhat hard, but is vulnerable to fire and normal speed on land. Inflicts the "Engulf" status, which deals damage, prevents using spells and scrolls and can be 100% reliably escaped by moving away from the elemental.
 46538 | Shoals:2 | Identified a cursed +0 leather armour (You took it off a merfolk impaler on level 2 of the Shoals)
 46804 | Shoals:2 | Identified a +0 leather armour
 47151 | Shoals:2 | Reached skill level 10 in Shields
 47238 | Shoals:2 | Identified a +0 leather armour (You took it off a merfolk impaler on level 2 of the Shoals)
 47301 | Shoals:2 | Identified a cursed +0 leather armour (You took it off a merfolk javelineer on level 2 of the Shoals)
 47553 | Shoals:2 | Found an opulent altar of Gozag.
 47553 | Shoals:2 | Identified a +2 leather armour of magic resistance
 47554 | Shoals:2 | Found Nautselo's Food Shop.
 47573 | Shoals:2 | Identified a +0 ring mail
 47598 | Shoals:2 | Identified a +2 robe (You took it off a merfolk impaler on level 2 of the Shoals)
 47776 | Shoals:2 | Reached skill level 11 in Shields
 48049 | Shoals:2 | Identified a +0 robe (You took it off a merfolk impaler on level 2 of the Shoals)
 48193 | Shoals:2 | Reached XP level 19. HP: 177/179 MP: 22/22
 48256 | Shoals:3 | Noticed Nikola
 48300 | Shoals:3 | Killed Nikola
 48300 | Shoals:3 | Identified a +0 pair of gloves (You took it off Nikola on level 3 of the Shoals)
 48300 | Shoals:3 | Identified a +0 cloak (You took it off Nikola on level 3 of the Shoals)
 48621 | Shoals:3 | Mukku: pittääköhä kokeilla saada toi toine näyttö toimii nii vois katella samalla ku pelaa ->
 48690 | Shoals:3 | Identified a +0 robe
 48708 | Shoals:3 | Identified a +0 scale mail
 49108 | Shoals:3 | Reached skill level 12 in Shields
 49275 | Shoals:3 | Identified a +0 plate armour
 49407 | Shoals:4 | Entered Level 4 of the Shoals
 49750 | Shoals:4 | Identified a cursed +0 leather armour (You took it off a merfolk impaler on level 4 of the Shoals)
 49909 | Shoals:4 | marsu: :D
 49921 | Shoals:4 | Identified a +0 leather armour (You took it off a merfolk on level 4 of the Shoals)
 49930 | Shoals:4 | Identified a +0 pair of gloves
 49955 | Shoals:4 | Mukku: no mitähän nekrua eikö tässä koneessa oo toista porttia näytölle x_x
 49958 | Shoals:4 | marsu: no jo on vanha näyttis?
 49974 | Shoals:4 | Identified a +0 plate armour
 50017 | Shoals:4 | Mukku: eikai tää vielä vanha oo
 50023 | Shoals:4 | Mukku: 1.5 vuotta sitte ostin tämmösen valmiin vempeleen
 50079 | Shoals:4 | Mukku: en sitte tiä peittääkö tuo kuori niitä tai jotain
 50084 | Shoals:4 | Mukku: yks vaa näkyvillä ainaki
 50088 | Shoals:4 | marsu: outo
 50088 | Shoals:4 | marsu: kyl yleensä on
 50190 | Shoals:4 | Identified a +0 ring mail
 50597 | Shoals:4 | Identified a lightning rod (4/4)
 50776 | Shoals:4 | Noticed Ilsuiw
 50823 | Shoals:4 | Killed Ilsuiw
 50823 | Shoals:4 | Identified a +0 robe (You took it off Ilsuiw on level 4 of the Shoals)
 50827 | Shoals:4 | Identified a +0 robe (You took it off a merfolk aquamancer on level 4 of the Shoals)
 50921 | Shoals:4 | Identified a +0 leather armour (You took it off a merfolk javelineer on level 4 of the Shoals)
 50921 | Shoals:4 | Reached skill level 13 in Shields
 51024 | Shoals:4 | Identified a +0 robe (You took it off a merfolk aquamancer on level 4 of the Shoals)
 51033 | Shoals:4 | Identified a +0 leather armour (You took it off a merfolk impaler on level 4 of the Shoals)
 51084 | Shoals:4 | Identified a cursed -2 ring mail
 51169 | Shoals:4 | Identified the ring of Veum {rCorr rF+ rN+}
 51443 | Shoals:4 | Identified Sif Muna's Papyrus of Captivating Venom
 51484 | Shoals:4 | Identified a +0 robe (You took it off a merfolk impaler on level 4 of the Shoals)
 51503 | Shoals:4 | Identified a +0 robe (You took it off a merfolk aquamancer on level 4 of the Shoals)
 51506 | Shoals:4 | Identified a +2 robe of magic resistance (You took it off a merfolk aquamancer on level 4 of the Shoals)
 51507 | Shoals:4 | Identified a +0 robe (You took it off a merfolk aquamancer on level 4 of the Shoals)
 51522 | Shoals:4 | Identified a +0 robe (You took it off a merfolk impaler on level 4 of the Shoals)
 51526 | Shoals:4 | Identified a +0 leather armour (You took it off a merfolk javelineer on level 4 of the Shoals)
 51681 | Shoals:4 | Got a barnacled rune of Zot
 52211 | Elf:1    | Identified a +0 chain mail (You took it off a deep elf mage on level 1 of the Elven Halls)
 52401 | Elf:1    | Identified a +0 scale mail (You took it off a deep elf mage on level 1 of the Elven Halls)
 52422 | Elf:1    | Identified a +0 ring mail
 52425 | Elf:1    | Identified a +0 chain mail
 52447 | Elf:1    | Identified a +0 ring mail (You took it off a deep elf mage on level 1 of the Elven Halls)
 52461 | Elf:1    | Identified a +0 leather armour (You took it off a deep elf mage on level 1 of the Elven Halls)
 52477 | Elf:1    | Identified a +0 leather armour (You took it off a deep elf archer on level 1 of the Elven Halls)
 52483 | Elf:1    | Identified a +0 leather armour (You took it off a deep elf mage on level 1 of the Elven Halls)
 52516 | Elf:1    | Identified a +0 leather armour (You took it off a deep elf archer on level 1 of the Elven Halls)
 52524 | Elf:1    | Identified a +0 leather armour (You took it off a deep elf mage on level 1 of the Elven Halls)
 52540 | Elf:1    | Identified a cursed -1 leather armour (You took it off a deep elf archer on level 1 of the Elven Halls)
 52547 | Elf:1    | Identified a +0 scale mail (You took it off a deep elf mage on level 1 of the Elven Halls)
 52553 | Elf:1    | Mukku: aizul pieksi minut 1v1
 52585 | Elf:1    | Mukku: olipa harvinaisen paska hahmo ei saakeli
 52609 | Elf:1    | Identified a +0 scale mail (You took it off a deep elf mage on level 1 of the Elven Halls)
 52613 | Elf:1    | Identified a +0 robe
 52637 | Elf:1    | Identified a +0 ring mail (You took it off a deep elf mage on level 1 of the Elven Halls)
 52642 | Elf:1    | Mukku: ois ees jotain kamaa antanu tää peli :D
 52642 | Elf:1    | marsu: :D
 52643 | Elf:1    | marsu: no mä meinasin kuolla yhtee normielffii
 52643 | Elf:1    | marsu: ku ei oo relecciä
 52655 | Elf:1    | Noticed a deep elf demonologist
 53046 | Orc:2    | marsu: vois pienen tauon pitää kyl
 53046 | Orc:2    | Mukku: joo onpa tässä vissii vielä aikaa pelailla
 53046 | Orc:2    | Mukku: perkeleen nemelex choicet
 53046 | Orc:2    | Mukku: 2 runea saa aina mutta sitte kaikki on kakkaa !!
 53046 | Orc:2    | Mukku: ensi kerralla pakko onnistua
 53046 | Orc:2    | marsu: joo itekki kahen runen hahmoja splätänny täs aika paljo :D
 53051 | Elf:1    | Killed a deep elf demonologist
 53051 | Elf:1    | Identified a +0 leather armour (You took it off a deep elf demonologist on level 1 of the Elven Halls)
 53073 | Elf:1    | Identified a +0 leather armour
 53115 | Elf:1    | Identified a +0 leather armour (You took it off a deep elf archer on level 1 of the Elven Halls)
 53144 | Elf:1    | Identified a +0 leather armour
 53152 | Elf:1    | Identified a +2 leather armour of fire resistance (You took it off a deep elf mage on level 1 of the Elven Halls)
 53341 | Elf:1    | Identified a +0 leather armour
 53370 | Elf:1    | Identified a +0 leather armour (You took it off a deep elf mage on level 1 of the Elven Halls)
 53470 | Elf:1    | Found a huge runed gate.
 53517 | Elf:1    | Identified the Compendium of the Falcon
 53528 | Elf:1    | Identified a +0 scale mail
 53623 | Elf:1    | Found a huge runed gate.
 53627 | Elf:1    | Found a huge runed gate.
 53627 | Elf:1    | Found a huge runed gate.
 53628 | Elf:1    | Found a huge runed gate.
 53628 | Elf:1    | Found a huge runed gate.
 53628 | Elf:1    | Found a huge runed gate.
 53628 | Elf:1    | Found a huge runed gate.
 53628 | Elf:1    | Found a huge runed gate.
 53628 | Elf:1    | Found a huge runed gate.
 53634 | Elf:1    | Found a huge runed gate.
 53634 | Elf:1    | Found a huge runed gate.
 53635 | Elf:1    | Found a huge runed gate.
 53650 | Elf:1    | Found a huge runed gate.
 53681 | Elf:1    | Found Ypseufebb's Antique Armour Emporium.
 53768 | Elf:1    | Found a huge runed gate.
 53768 | Elf:1    | Found a huge runed gate.
 53769 | Elf:1    | Found a huge runed gate.
 53770 | Elf:1    | Found a huge runed gate.
 53778 | Elf:1    | Found a huge runed gate.
 53778 | Elf:1    | Found a huge runed gate.
 53778 | Elf:1    | Found a huge runed gate.
 53778 | Elf:1    | Found a huge runed gate.
 53778 | Elf:1    | Found a huge runed gate.
 53778 | Elf:1    | Found a huge runed gate.
 53778 | Elf:1    | Found a huge runed gate.
 53803 | Elf:1    | Found a huge runed gate.
 53803 | Elf:1    | Found a huge runed gate.
 53803 | Elf:1    | Found a huge runed gate.
 53803 | Elf:1    | Found a huge runed gate.
 53803 | Elf:1    | Found a huge runed gate.
 53803 | Elf:1    | Found a huge runed gate.
 53803 | Elf:1    | Found a huge runed gate.
 53803 | Elf:1    | Identified a +0 cloak
 53803 | Elf:1    | Identified a +0 chain mail
 53803 | Elf:1    | Noticed a deep elf sorcerer
 53803 | Elf:1    | Noticed a deep elf demonologist
 53803 | Elf:1    | Noticed a deep elf demonologist
 53803 | Elf:1    | Noticed a deep elf demonologist
 53832 | Elf:2    | Identified a +0 pair of gloves
 53845 | Elf:2    | Identified a +0 scale mail
 53879 | Elf:2    | Identified a +0 scale mail (You took it off a deep elf knight on level 2 of the Elven Halls)
 53906 | Elf:2    | Identified a +0 chain mail (You took it off a deep elf mage on level 2 of the Elven Halls)
 53909 | Elf:2    | Identified a +0 leather armour
 54040 | Elf:2    | Identified a +0 ring mail (You took it off a deep elf mage on level 2 of the Elven Halls)
 54138 | Elf:2    | Identified a +0 plate armour
 54176 | Elf:2    | Found Lesk's Assorted Antiques.
 54192 | Elf:2    | Identified a +0 scale mail
 54239 | Elf:2    | Identified a ring of resist corrosion (You took it off a deep elf knight on level 2 of the Elven Halls)
 54239 | Elf:2    | Reached XP level 20. HP: 182/188 MP: 23/23
 54268 | Elf:2    | Identified a +0 ring mail
 54268 | Elf:2    | Reached skill level 21 in Unarmed Combat
 54342 | Elf:2    | Identified a +0 leather armour
 54411 | Elf:2    | Bought a scroll of enchant armour for 270 gold pieces
 54435 | Elf:2    | Found a huge runed gate.
 54435 | Elf:2    | Found a huge runed gate.
 54435 | Elf:2    | Found a huge runed gate.
 54435 | Elf:2    | Found a huge runed gate.
 54435 | Elf:2    | Found a huge runed gate.
 54557 | Elf:3    | Entered Level 3 of the Elven Halls
 54557 | Elf:3    | Identified the +5 chain mail "Nouss" {+Blink rElec rC- Slay+6}
 54561 | Elf:3    | Identified a +0 leather armour (You took it off a deep elf mage on level 3 of the Elven Halls)
 54574 | Elf:3    | Identified a +0 leather armour
 54744 | Elf:3    | Identified a +0 leather armour
 54745 | Elf:3    | Identified a +0 plate armour
 54820 | Elf:3    | Identified a +0 leather armour (You took it off a deep elf archer on level 3 of the Elven Halls)
 54829 | Elf:3    | Identified a +0 leather armour
 54836 | Elf:3    | Identified a +0 leather armour (You took it off a deep elf archer on level 3 of the Elven Halls)
 54906 | Elf:3    | Noticed a deep elf demonologist
 54923 | Elf:3    | Killed a deep elf demonologist
 54923 | Elf:3    | Identified a +0 leather armour (You took it off a deep elf demonologist on level 3 of the Elven Halls)
 54935 | Elf:3    | Identified a +0 scale mail (You took it off a deep elf high priest on level 3 of the Elven Halls)
 54946 | Elf:3    | Noticed a deep elf sorcerer
 54959 | Elf:3    | Identified a cursed +0 leather armour (You took it off a deep elf death mage on level 3 of the Elven Halls)
 54963 | Elf:3    | Killed a deep elf sorcerer
 54972 | Elf:3    | Identified a +0 large shield (You took it off a naga warrior on level 1 of the Snake Pit)
 54972 | Elf:3    | Identified a +0 large shield (You took it off Louise on level 1 of the Snake Pit)
 54972 | Elf:3    | Identified a +0 shield (You took it off a naga warrior on level 3 of the Snake Pit)
 54972 | Elf:3    | Identified a +0 large shield
 54982 | Elf:3    | Noticed a deep elf demonologist
 54992 | Elf:3    | Killed a deep elf demonologist
 55033 | Elf:3    | Identified a +0 ring mail (You took it off a deep elf mage on level 3 of the Elven Halls)
 55064 | Elf:3    | Identified a +0 leather armour (You took it off a deep elf knight on level 3 of the Elven Halls)
 55066 | Elf:3    | Identified a +0 scale mail
 55087 | Elf:3    | Identified a +0 chain mail
 55132 | Elf:3    | Identified a +0 ring mail (You took it off a deep elf mage on level 3 of the Elven Halls)
 55374 | Elf:3    | Identified a +0 ring mail (You took it off a deep elf annihilator on level 3 of the Elven Halls)
 55374 | Elf:3    | Reached skill level 13 in Armour
 55575 | Elf:3    | Noticed a deep elf demonologist
 55578 | Elf:3    | Killed a deep elf demonologist
 55578 | Elf:3    | Identified a +0 leather armour (You took it off a deep elf demonologist on level 3 of the Elven Halls)
 55593 | Elf:3    | Identified the ring of Mysticism {MR- Dex+7 Stlth-} (You took it off a deep elf knight on level 3 of the Elven Halls)
 55593 | Elf:3    | Identified a +0 leather armour (You took it off a deep elf knight on level 3 of the Elven Halls)
 55637 | Elf:3    | Identified a +0 leather armour
 55684 | Elf:3    | Noticed a deep elf sorcerer
 55698 | Elf:3    | Killed a deep elf sorcerer
 55698 | Elf:3    | Identified a +0 scale mail (You took it off a deep elf sorcerer on level 3 of the Elven Halls)
 55705 | Elf:3    | Identified a scroll of brand weapon
 55780 | Elf:3    | Identified a +0 leather armour (You took it off a deep elf death mage on level 3 of the Elven Halls)
 55800 | Elf:3    | Identified a +0 ring mail (You took it off a deep elf elementalist on level 3 of the Elven Halls)
 55942 | Elf:3    | Identified a +0 leather armour (You took it off a deep elf mage on level 3 of the Elven Halls)
 55952 | Elf:3    | Identified a +0 chain mail (You took it off a deep elf annihilator on level 3 of the Elven Halls)
 55986 | Elf:3    | Got the falchion of the Swamp {drain, -Tele rElec rC+}
 55989 | Elf:3    | Noticed a deep elf demonologist
 56000 | Elf:3    | Killed a deep elf demonologist
 56071 | Elf:3    | Identified a +0 leather armour (You took it off a deep elf blademaster on level 3 of the Elven Halls)
 56077 | Elf:3    | Identified a +0 leather armour (You took it off a deep elf death mage on level 3 of the Elven Halls)
 56077 | Elf:3    | Reached skill level 19 in Fighting
 56111 | Elf:3    | Identified a +0 leather armour (You took it off a deep elf blademaster on level 3 of the Elven Halls)
 56124 | Elf:3    | Noticed a deep elf demonologist
 56183 | Elf:3    | Identified a +0 ring mail (You took it off a deep elf annihilator on level 3 of the Elven Halls)
 56186 | Elf:3    | Killed a deep elf demonologist
 56202 | Elf:3    | Noticed a deep elf sorcerer
 56221 | Elf:3    | Killed a deep elf sorcerer
 56221 | Elf:3    | Identified a +0 leather armour (You took it off a deep elf sorcerer on level 3 of the Elven Halls)
 56274 | Elf:3    | Noticed a deep elf sorcerer
 56290 | Elf:3    | Killed a deep elf sorcerer
 56547 | Elf:3    | Identified a +0 scale mail (You took it off a deep elf annihilator on level 3 of the Elven Halls)
 56667 | Elf:3    | Noticed a deep elf sorcerer
 56684 | Elf:3    | Killed a deep elf sorcerer
 56960 | Elf:3    | Identified a +1 scale mail of magic resistance (You took it off a deep elf high priest on level 3 of the Elven Halls)
 56989 | Elf:3    | Noticed a deep elf sorcerer
 56997 | Elf:3    | Killed a deep elf sorcerer
 56997 | Elf:3    | Identified a +0 leather armour (You took it off a deep elf sorcerer on level 3 of the Elven Halls)
 57030 | Elf:3    | Identified a +0 leather armour (You took it off a deep elf elementalist on level 3 of the Elven Halls)
 57039 | Elf:3    | Identified a +0 ring mail (You took it off a deep elf annihilator on level 3 of the Elven Halls)
 57098 | Elf:3    | Identified a +0 ring mail (You took it off a deep elf death mage on level 3 of the Elven Halls)
 57135 | Elf:3    | Identified a +1 chain mail of poison resistance
 57193 | Elf:3    | Identified a +0 leather armour
 57331 | Elf:3    | Identified the +2 leather armour of Bupem {rPois rN+ Int-5} (You took it off a deep elf elementalist on level 3 of the Elven Halls)
 57343 | Elf:3    | Identified a +0 shield (You took it off a deep elf elementalist on level 3 of the Elven Halls)
 57346 | Elf:3    | Identified the +1 scale mail "Fualoeto" {Int+5} (You took it off a deep elf high priest on level 3 of the Elven Halls)
 57409 | Elf:3    | Identified a +0 leather armour (You took it off a deep elf death mage on level 3 of the Elven Halls)
 57454 | Elf:3    | Noticed a deep elf sorcerer
 57471 | Elf:3    | Identified a ring of flight (You took it off a deep elf death mage on level 3 of the Elven Halls)
 57479 | Elf:3    | Killed a deep elf sorcerer
 57479 | Elf:3    | Identified a +0 chain mail (You took it off a deep elf sorcerer on level 3 of the Elven Halls)
 57536 | Elf:3    | Identified a +0 leather armour (You took it off a deep elf blademaster on level 3 of the Elven Halls)
 57561 | Elf:3    | Identified a +0 plate armour (You took it off a deep elf high priest on level 3 of the Elven Halls)
 57563 | Elf:3    | Got the mace of the Extremely Mad {crush, +Inv rC+ Str-3 Stlth+}
 57595 | Elf:3    | Identified a +0 chain mail (You took it off a deep elf death mage on level 3 of the Elven Halls)
 57620 | Elf:3    | Identified a lightning rod (4/4)
 57623 | Elf:3    | Identified a +1 chain mail of poison resistance
 57643 | Elf:3    | Identified a +1 pair of boots of flying (You found it on level 3 of the Elven Halls)
 57697 | Elf:3    | Identified +0 fire dragon scales
 57699 | Elf:3    | Identified the Grimoire of Shifting Darkness
 57709 | Elf:3    | Identified a +2 helmet of see invisible {sInv} (You found it on level 3 of the Elven Halls)
 57731 | Elf:3    | Identified the +2 scale mail "Ydozodgh" {rC+ Int+2}
 57732 | Elf:3    | Identified a +0 leather armour
 57739 | Elf:3    | Identified a +0 scale mail (You took it off a deep elf death mage on level 3 of the Elven Halls)
 57892 | Elf:3    | marsu: tuo chain maili houkuttas +6 slayn takia
 58008 | Orc:2    | Bought the ring of the Death Scarab {rCorr rC+++ MR+ Int+5 Dex-2} for 886 gold pieces
 58008 | Orc:2    | marsu: kuoleeko 0 statista suoraa? :D
 58008 | Orc:2    | marsu: ??stat zero
 58008 | Orc:2    | beem: I don't have a page labeled stat_zero in my learndb.
 58008 | Orc:2    | marsu: ??intelligence
 58008 | Orc:2    | beem: int[1/2]: Affects your spell casting success, your spell power and your spell hunger. When it reaches 0, you become {brainless}.
 58008 | Orc:2    | marsu: ??brainless
 58008 | Orc:2    | beem: stat drain[2/3]: 0 str: Collapse: 1/4 regen rate. 0 int: Brainless: Can't memorize or cast spells. 80% chance of failure when reading scrolls. 0 dex: Clumsy: 0 stealth, minimal evasion, can't stab, can't block. All three effects slow you (doesn't stack).
 58008 | Orc:2    | Lost intelligence.
 58134 | Vaults:1 | Entered Level 1 of the Vaults
 58179 | Vaults:1 | Found Qigin's Gadget Shoppe.
 58241 | Vaults:1 | Identified a +0 plate armour (You took it off an orc knight on level 1 of the Vaults)
 58245 | Vaults:1 | Identified a +0 chain mail (You took it off an orc warrior on level 1 of the Vaults)
 58252 | Vaults:1 | Identified a +0 leather armour (You took it off an orc on level 1 of the Vaults)
 58366 | Vaults:1 | Identified a +0 scale mail
 58412 | Vaults:1 | Reached XP level 21. HP: 198/198 MP: 24/24
 58476 | Vaults:1 | Identified a +0 chain mail (You took it off a vault warden on level 1 of the Vaults)
 58555 | Vaults:1 | Identified a +0 plate armour (You took it off a vault warden on level 1 of the Vaults)
 58564 | Vaults:1 | Identified a cursed -2 plate armour (You took it off an orc knight on level 1 of the Vaults)
 58573 | Vaults:1 | Identified a +0 scale mail (You took it off a vault sentinel on level 1 of the Vaults)
 58587 | Vaults:1 | Identified a +0 robe (You took it off an ogre mage on level 1 of the Vaults)
 58637 | Vaults:1 | Identified a +0 chain mail
 58672 | Vaults:1 | Identified a +0 plate armour (You took it off an orc warrior on level 1 of the Vaults)
 58675 | Vaults:1 | Identified a +0 ring mail (You took it off an ironbrand convoker on level 1 of the Vaults)
 58682 | Vaults:1 | Identified a +0 scale mail (You took it off a vault sentinel on level 1 of the Vaults)
 58776 | Vaults:1 | Identified +0 storm dragon scales
 58776 | Vaults:1 | Reached skill level 22 in Unarmed Combat
 58874 | Vaults:1 | Identified a +0 robe (You took it off an ogre mage on level 1 of the Vaults)
 58900 | Vaults:1 | Identified a +0 pair of gloves
 58922 | Vaults:1 | Identified a lightning rod (4/4)
 59044 | Vaults:1 | Identified a +0 chain mail (You took it off a death knight on level 1 of the Vaults)
 59573 | Vaults:1 | Identified a +0 chain mail (You took it off an orc warrior on level 1 of the Vaults)
 59574 | Vaults:1 | Identified a +0 troll leather armour
 59580 | Vaults:1 | Identified a +0 plate armour (You took it off an orc knight on level 1 of the Vaults)
 59884 | Vaults:2 | Identified +0 ice dragon scales
 59956 | Vaults:2 | Identified a +0 robe (You took it off an ogre mage on level 2 of the Vaults)
 59967 | Vaults:2 | Identified a +0 troll leather armour
 59979 | Vaults:2 | Identified a +0 chain mail (You took it off an orc warrior on level 2 of the Vaults)
 59993 | Vaults:2 | Identified a +0 plate armour (You took it off an orc knight on level 2 of the Vaults)
 59996 | Vaults:2 | Identified a +0 plate armour (You took it off an orc warrior on level 2 of the Vaults)
 60039 | Vaults:2 | Found a flickering gateway to a bazaar.
 60051 | Vaults:2 | Identified a +0 scale mail (You took it off an ironbrand convoker on level 2 of the Vaults)
 60058 | Vaults:2 | Identified a +2 chain mail of fire resistance (You took it off a vampire knight on level 2 of the Vaults)
 60064 | Vaults:2 | Identified a +0 plate armour (You took it off an orc warrior on level 2 of the Vaults)
 60067 | Vaults:2 | Identified a +0 plate armour (You took it off an orc warrior on level 2 of the Vaults)
 60076 | Vaults:2 | Identified a +0 plate armour (You took it off an orc knight on level 2 of the Vaults)
 60079 | Vaults:2 | Identified a +0 chain mail (You took it off an orc warrior on level 2 of the Vaults)
 60093 | Bazaar   | Entered a bazaar
 60093 | Bazaar   | Found Vebul's Magic Scroll Shoppe.
 60093 | Bazaar   | Found Keojeirgh's Assorted Antiques.
 60094 | Bazaar   | Found Zyotut's Jewellery Emporium.
 60094 | Bazaar   | Found Tuproum's Gadget Emporium.
 60116 | Bazaar   | Bought a wand of digging (13) for 476 gold pieces
 60126 | Bazaar   | Bought a scroll of magic mapping for 66 gold pieces
 60126 | Bazaar   | Bought a scroll of fear for 66 gold pieces
 60126 | Bazaar   | Bought a scroll of fear for 66 gold pieces
 60395 | Vaults:2 | Identified a +0 chain mail
 60401 | Vaults:2 | Identified a +0 troll leather armour
 60409 | Vaults:2 | Identified a +0 plate armour (You took it off an orc knight on level 2 of the Vaults)
 60417 | Vaults:2 | Identified a cursed +0 scale mail (You took it off an ironbrand convoker on level 2 of the Vaults)
 60423 | Vaults:2 | Identified a +0 leather armour (You took it off an ironheart preserver on level 2 of the Vaults)
 60427 | Vaults:2 | Identified a +0 troll leather armour
 60427 | Vaults:2 | Reached skill level 20 in Fighting
 60434 | Vaults:2 | Identified a +0 troll leather armour
 60439 | Vaults:2 | Identified a +0 scale mail (You took it off an ironbrand convoker on level 2 of the Vaults)
 60571 | Vaults:2 | Identified a +0 robe (You took it off a necromancer on level 2 of the Vaults)
 60578 | Vaults:2 | Reached skill level 11 in Dodging
 60579 | Vaults:2 | Found a staircase to the Crypt.
 60608 | Vaults:2 | Identified a +0 plate armour (You took it off a vault warden on level 2 of the Vaults)
 60905 | Vaults:2 | Identified +0 acid dragon scales
 60922 | Vaults:2 | Identified a +0 leather armour (You took it off an ironheart preserver on level 2 of the Vaults)
 60982 | Vaults:2 | Identified a +0 robe
 61187 | Vaults:2 | Identified a cursed +0 robe (You took it off a rakshasa on level 2 of the Vaults)
 61189 | Vaults:2 | Identified a +0 ring mail (You took it off a vault sentinel on level 2 of the Vaults)
 61319 | Vaults:2 | Identified a +0 robe (You took it off a wizard on level 2 of the Vaults)
 61321 | Vaults:2 | Identified a +0 scale mail (You took it off an ironbrand convoker on level 2 of the Vaults)
 61330 | Vaults:2 | Identified a +1 plate armour of poison resistance (You took it off a vault warden on level 2 of the Vaults)
 61341 | Vaults:2 | Identified a +0 ring mail (You took it off a vault sentinel on level 2 of the Vaults)
 61346 | Vaults:2 | Identified a +0 chain mail (You took it off an orc knight on level 2 of the Vaults)
 61710 | Vaults:2 | Identified a +0 chain mail (You took it off an orc on level 2 of the Vaults)
 61721 | Vaults:2 | Identified a +0 plate armour (You took it off an orc knight on level 2 of the Vaults)
 61728 | Vaults:2 | Identified a +0 chain mail (You took it off an orc warrior on level 2 of the Vaults)
 61806 | Vaults:2 | Upgraded the game from 0.21.0 to 0.21.0-3-g78d12a8bdd
 61821 | Vaults:3 | Identified a +0 robe (You took it off an ogre mage on level 3 of the Vaults)
 61904 | Vaults:3 | Identified a +0 leather armour
 61926 | Vaults:3 | Identified a +0 chain mail (You took it off a vault warden on level 3 of the Vaults)
 61930 | Vaults:3 | Identified a +0 ring mail (You took it off a vault sentinel on level 3 of the Vaults)
 61937 | Vaults:3 | Identified a +0 scale mail (You took it off a vault sentinel on level 3 of the Vaults)
 61943 | Vaults:3 | Identified a +0 scale mail (You took it off an ironbrand convoker on level 3 of the Vaults)
 61961 | Vaults:3 | Identified a +0 chain mail (You took it off a vault guard on level 3 of the Vaults)
 61965 | Vaults:3 | Identified a +0 ring mail (You took it off an ironbrand convoker on level 3 of the Vaults)
 61968 | Vaults:3 | Identified a +0 robe (You took it off an orc wizard on level 3 of the Vaults)
 61974 | Vaults:3 | Identified a +0 ring mail (You took it off a vault sentinel on level 3 of the Vaults)
 61980 | Vaults:3 | Identified a cursed +0 scale mail (You took it off a vault sentinel on level 3 of the Vaults)
 61990 | Vaults:3 | Identified a +0 scale mail (You took it off a vault sentinel on level 3 of the Vaults)
 62176 | Vaults:3 | Identified a +0 ring mail (You took it off a vault sentinel on level 3 of the Vaults)
 62206 | Vaults:3 | Identified a ring of protection (You took it off an ironbrand convoker on level 3 of the Vaults)
 62206 | Vaults:3 | Identified a +0 ring mail (You took it off an ironbrand convoker on level 3 of the Vaults)
 62229 | Vaults:3 | Identified a +0 leather armour (You took it off an ironheart preserver on level 3 of the Vaults)
 62352 | Vaults:3 | Identified a +0 scale mail (You took it off a vault sentinel on level 3 of the Vaults)
 62721 | Vaults:3 | Identified a +3 scale mail (You took it off an ironbrand convoker on level 3 of the Vaults)
 62723 | Vaults:3 | Identified a +0 ring mail (You took it off an ironheart preserver on level 3 of the Vaults)
 62723 | Vaults:3 | Reached XP level 22. HP: 129/211 MP: 25/25
 63019 | Vaults:3 | Identified a +3 leather armour (You took it off a deep elf mage on level 3 of the Vaults)
 63025 | Vaults:3 | Identified a +0 leather armour (You took it off a deep elf archer on level 3 of the Vaults)
 63028 | Vaults:3 | Identified a +0 leather armour (You took it off a deep elf archer on level 3 of the Vaults)
 63088 | Vaults:3 | Identified a +0 leather armour of fire resistance
 63135 | Vaults:3 | Reached skill level 12 in Dodging
 63231 | Vaults:3 | Noticed a lich
 63408 | Vaults:3 | Identified a +0 chain mail (You took it off an orc warrior on level 3 of the Vaults)
 63411 | Vaults:3 | Identified a cursed +0 chain mail (You took it off an orc warrior on level 3 of the Vaults)
 63412 | Vaults:3 | Identified a +0 leather armour (You took it off an orc priest on level 3 of the Vaults)
 63420 | Vaults:3 | Identified a +0 chain mail (You took it off an orc knight on level 3 of the Vaults)
 63421 | Vaults:3 | Identified a +0 leather armour (You took it off an orc on level 3 of the Vaults)
 63677 | Vaults:3 | Identified a +0 robe (You took it off a necromancer on level 3 of the Vaults)
 63943 | Vaults:4 | Noticed a lich
 63965 | Vaults:4 | Killed a lich
 63972 | Vaults:4 | Identified a +0 ring mail (You took it off an ironheart preserver on level 4 of the Vaults)
 63988 | Vaults:4 | Identified +0 ice dragon scales
 64003 | Vaults:4 | Identified a +0 robe (You took it off an ogre mage on level 4 of the Vaults)
 64119 | Vaults:4 | Identified a +0 ring mail (You took it off an ironbrand convoker on level 4 of the Vaults)
 64121 | Vaults:4 | Identified a +0 scale mail (You took it off an ironbrand convoker on level 4 of the Vaults)
 64129 | Vaults:4 | Identified a +0 chain mail (You took it off a death knight on level 4 of the Vaults)
 64205 | Vaults:4 | Identified a cursed -1 leather armour
 64240 | Vaults:4 | Identified a +0 scale mail (You took it off an ironbrand convoker on level 4 of the Vaults)
 64288 | Vaults:4 | Identified a +0 ring mail (You took it off an ironbrand convoker on level 4 of the Vaults)
 64296 | Vaults:4 | Reached skill level 23 in Unarmed Combat
 64363 | Vaults:4 | Identified a +0 ring mail (You took it off a vault sentinel on level 4 of the Vaults)
 64380 | Vaults:4 | Identified a +0 ring mail (You took it off an ironheart preserver on level 4 of the Vaults)
 64393 | Vaults:4 | Identified a +0 scale mail (You took it off an ironbrand convoker on level 4 of the Vaults)
 64394 | Vaults:4 | Identified a +0 troll leather armour
 64442 | Vaults:4 | Identified a cursed +0 robe (You took it off an ogre mage on level 4 of the Vaults)
 64473 | Vaults:4 | Identified a +0 leather armour (You took it off a deep elf archer on level 4 of the Vaults)
 64484 | Vaults:4 | Identified a +0 leather armour (You took it off an ironheart preserver on level 4 of the Vaults)
 64484 | Vaults:4 | Reached skill level 21 in Fighting
 64490 | Vaults:4 | Identified a +0 leather armour (You took it off a deep elf mage on level 4 of the Vaults)
 64492 | Vaults:4 | Identified a +0 leather armour (You took it off a deep elf mage on level 4 of the Vaults)
 64507 | Vaults:4 | Identified a +0 leather armour (You took it off a deep elf mage on level 4 of the Vaults)
 64519 | Vaults:4 | Identified a +0 leather armour (You took it off a deep elf archer on level 4 of the Vaults)
 64529 | Vaults:4 | Identified a +0 leather armour (You took it off a deep elf archer on level 4 of the Vaults)
 64538 | Vaults:4 | Identified a +0 leather armour (You took it off a deep elf archer on level 4 of the Vaults)
 64647 | Vaults:4 | Identified a +0 ring mail (You took it off an ironbrand convoker on level 4 of the Vaults)
 64655 | Vaults:4 | Identified a +0 robe (You took it off an ogre mage on level 4 of the Vaults)
 64704 | Vaults:4 | Noticed Jory
 64732 | Vaults:4 | Killed Jory
 64732 | Vaults:4 | Identified a +0 plate armour (You took it off Jory on level 4 of the Vaults)
 64845 | Vaults:4 | Identified a +0 chain mail of fire resistance (You took it off an orc warrior on level 4 of the Vaults)
 64853 | Vaults:4 | Identified a +0 plate armour (You took it off an orc knight on level 4 of the Vaults)
 64865 | Vaults:4 | Identified a +0 chain mail (You took it off an orc warrior on level 4 of the Vaults)
 64870 | Vaults:4 | Identified a +0 chain mail (You took it off an orc warrior on level 4 of the Vaults)
 64877 | Vaults:4 | Identified a +0 troll leather armour
 64880 | Vaults:4 | Identified a +0 troll leather armour
 65054 | Vaults:4 | Identified a +0 robe (You took it off an ogre mage on level 4 of the Vaults)
 65084 | Vaults:4 | Identified a +0 robe (You took it off a necromancer on level 4 of the Vaults)
 65136 | Vaults:4 | Identified a +0 ring mail (You took it off a vault sentinel on level 4 of the Vaults)
 65148 | Vaults:4 | Identified a +0 scale mail (You took it off an ironbrand convoker on level 4 of the Vaults)
 65159 | Vaults:4 | Identified a +0 plate armour (You took it off a vault warden on level 4 of the Vaults)
 65166 | Vaults:4 | Identified a +0 troll leather armour
 65236 | Vaults:4 | Identified a +0 plate armour (You took it off an orc warrior on level 4 of the Vaults)
 65240 | Vaults:4 | Identified a +0 robe (You took it off an orc sorcerer on level 4 of the Vaults)
 65247 | Vaults:4 | Identified a cursed +0 plate armour (You took it off an orc warrior on level 4 of the Vaults)
 65255 | Vaults:4 | Identified a +0 chain mail (You took it off an orc knight on level 4 of the Vaults)
 65255 | Vaults:4 | Reached skill level 13 in Dodging
 65287 | Vaults:4 | Identified a +0 plate armour
 65300 | Vaults:4 | Identified a +0 plate armour (You took it off a vault warden on level 4 of the Vaults)
 65314 | Vaults:4 | Identified a +0 scale mail (You took it off a vault sentinel on level 4 of the Vaults)
 65315 | Vaults:4 | Identified a cursed +0 chain mail (You took it off a vault guard on level 4 of the Vaults)
 65757 | Vaults:4 | Identified a +0 leather armour (You took it off an ironheart preserver on level 4 of the Vaults)
 65767 | Vaults:4 | Identified a +0 robe (You took it off an ogre mage on level 4 of the Vaults)
 66014 | D:11     | Identified a cursed +0 ring mail (You took it off an orc on level 11 of the Dungeon)
 66137 | Slime:1  | Entered Level 1 of the Pits of Slime
 66911 | Slime:3  | Reached XP level 23. HP: 182/205 MP: 26/26
 67051 | Slime:4  | Reached skill level 14 in Armour
 67181 | Slime:3  | Noticed Dissolution
 67373 | Slime:3  | Killed Dissolution
 68226 | Slime:5  | Entered Level 5 of the Pits of Slime
 68441 | Slime:5  | Paralysed by a floating eye for 3 turns
 68593 | Slime:5  | Reached skill level 24 in Unarmed Combat
 68770 | Slime:5  | Noticed the Royal Jelly
 68788 | Slime:5  | Killed the Royal Jelly
 69762 | Slime:5  | Identified a +0 robe
 69763 | Slime:5  | Identified the +2 plate armour of Pride {Str+2}
 69763 | Slime:5  | Identified a +3 plate armour of poison resistance
 69763 | Slime:5  | Identified the amulet "Paskeuvi" {Spirit rC++ Int+3}
 69764 | Slime:5  | Identified a +2 shield of protection
 69764 | Slime:5  | Identified the ring of Ruorit {rF- Str+5 Dex+3 Stlth+}
 69764 | Slime:5  | Identified a +0 chain mail
 69765 | Slime:5  | Identified a +0 chain mail
 69799 | Slime:5  | Got a slimy rune of Zot
 69851 | Slime:5  | Identified the Handbook of Enchantment
 69863 | Slime:5  | Identified Sif Muna's Papyrus of Boosting Black Rituals
 69920 | Slime:5  | Identified 2 scrolls of torment
 69935 | Slime:5  | Identified a potion of cancellation
 70228 | Depths:1 | Entered Level 1 of the Depths
 70323 | Depths:1 | Noticed a lich
 70389 | Depths:1 | Identified a +0 robe (You took it off an ogre mage on level 1 of the Depths)
 70543 | Depths:1 | Identified a +0 leather armour
 70609 | Depths:1 | Identified a +0 troll leather armour
 70817 | Depths:1 | Identified a +0 pair of boots
 70896 | Depths:1 | Identified a +0 troll leather armour
 70910 | Depths:1 | Identified a +0 troll leather armour
 70916 | Depths:1 | Identified a +0 troll leather armour
 70969 | Depths:1 | Identified a cursed +0 leather armour (You took it off a tengu warrior on level 1 of the Depths)
 70969 | Depths:1 | Reached skill level 14 in Dodging
 70975 | Depths:1 | Identified a +0 leather armour (You took it off a tengu warrior on level 1 of the Depths)
 71289 | Depths:1 | Got the short sword "Zaiwit" {venom, +Rage Int+3 Stlth+}
 71311 | Depths:1 | Identified +0 ice dragon scales
 71335 | Depths:1 | Found a gateway to Hell.
 71345 | Depths:1 | Reached skill level 22 in Fighting
 71555 | Depths:2 | Found Yheomil's Magic Scroll Shop.
 71573 | Depths:2 | Noticed Sojobo
 71982 | Depths:2 | Identified a +0 pair of gloves
 72012 | Depths:2 | Identified a +0 plate armour (You took it off a vault guard on level 2 of the Depths)
 72123 | Depths:2 | Found a one-way gate leading to the halls of Pandemonium.
 72155 | Depths:2 | Found a gateway to a ziggurat.
 72157 | Depths:2 | Identified a cursed +0 chain mail
 72175 | Depths:2 | Identified a +0 robe (You took it off a necromancer on level 2 of the Depths)
 72257 | Depths:2 | Identified a +2 scale mail of cold resistance
 72268 | Depths:2 | Reached XP level 24. HP: 231/231 MP: 26/26
 72274 | Depths:2 | Identified a +0 robe (You took it off an ogre mage on level 2 of the Depths)
 72484 | Depths:2 | Identified a +0 troll leather armour
 72499 | Depths:2 | Identified +0 fire dragon scales
 72765 | Depths:2 | Identified a +2 buckler of protection (You took it off a tengu reaver on level 2 of the Depths)
 72765 | Depths:2 | Identified a +0 ring mail of cold resistance (You took it off a tengu reaver on level 2 of the Depths)
 72781 | Depths:2 | Identified a +0 ring mail (You took it off a tengu reaver on level 2 of the Depths)
 72875 | Depths:2 | Killed Sojobo
 72875 | Depths:2 | Identified a +2 scale mail of magic resistance (You took it off Sojobo on level 2 of the Depths)
 72913 | Depths:2 | Identified a +0 chain mail (You took it off a vault guard on level 2 of the Depths)
 72924 | Depths:2 | Identified a +0 chain mail (You took it off a vault guard on level 2 of the Depths)
 72956 | Depths:2 | Identified a +0 animal skin
 73321 | Depths:1 | Identified a +1 plate armour of cold resistance (You took it off an orc warlord on level 1 of the Depths)
 73520 | Depths:2 | Identified a +0 troll leather armour
 73550 | Depths:2 | Identified a +0 animal skin
 73550 | Depths:2 | Identified a +0 animal skin
 73586 | Depths:2 | Identified a +0 plate armour
 73608 | Depths:2 | Identified a +0 troll leather armour
 73654 | Depths:2 | Reached skill level 25 in Unarmed Combat
 73664 | Depths:2 | Identified a +0 plate armour (You took it off an orc warlord on level 2 of the Depths)
 73805 | Depths:2 | Found The Legendary Guappu's Legendary Smithy.
 74168 | Depths:2 | Identified a +0 robe (You took it off a wizard on level 2 of the Depths)
 74187 | Depths:2 | Found Jack's Jerk-a-riffic Jerky.
 74244 | Depths:2 | Found Mixkycwa's Miraculous Elixirs.
 74247 | Depths:2 | Identified a +0 robe (You took it off a vampire mage on level 2 of the Depths)
 74265 | Depths:2 | Identified a +0 robe (You took it off a vampire mage on level 2 of the Depths)
 74511 | Depths:2 | Identified a +0 robe (You took it off a wizard on level 2 of the Depths)
 74521 | Depths:2 | Identified a +0 robe (You took it off a wizard on level 2 of the Depths)
 74552 | Depths:2 | Found an ancient bone altar of Kikubaaqudgha.
 74560 | Depths:2 | Identified a +0 chain mail (You took it off a vampire knight on level 2 of the Depths)
 74599 | Depths:2 | Identified a +2 robe of fire resistance (You took it off a wizard on level 2 of the Depths)
 74620 | Depths:2 | Identified a cursed -2 animal skin
 74621 | Depths:2 | Identified a +0 animal skin
 74628 | Depths:2 | Identified a +0 troll leather armour
 74660 | Depths:2 | Noticed a greater mummy
 74672 | Depths:2 | Killed a greater mummy
 74686 | Depths:2 | Found an ancient bone altar of Kikubaaqudgha.
 74700 | Depths:2 | Identified a +0 robe (You took it off a wizard on level 2 of the Depths)
 74770 | Depths:2 | Identified a cursed +0 animal skin
 74791 | Depths:2 | Identified a +1 robe of positive energy
 74999 | Depths:2 | Found Bonie's Slaves and Accessories.
 75233 | Depths:3 | Identified a +2 plate armour of fire resistance
 75240 | Depths:3 | Identified +0 fire dragon scales
 75250 | Depths:3 | Identified a +0 robe (You took it off a spriggan air mage on level 3 of the Depths)
 75467 | Depths:3 | Identified a +3 scale mail
 75743 | Depths:3 | Identified a cursed +0 animal skin (You took it off a spriggan berserker on level 3 of the Depths)
 75967 | Depths:3 | Identified a +0 robe (You took it off an ogre mage on level 3 of the Depths)
 75980 | Depths:3 | Noticed a deep elf demonologist
 75990 | Depths:2 | Identified +0 ice dragon scales
 76012 | Depths:3 | Identified a +2 robe of magic resistance (You took it off a centaur on level 3 of the Depths)
 76015 | Depths:3 | Reached skill level 26 in Unarmed Combat
 76034 | Depths:2 | Identified a +0 buckler (You took it off a tengu reaver on level 2 of the Depths)
 76034 | Depths:2 | Identified a +2 ring mail of cold resistance (You took it off a tengu reaver on level 2 of the Depths)
 76037 | Depths:2 | Identified a +0 centaur barding of flying (You took it off a centaur on level 2 of the Depths)
 76103 | Depths:3 | Killed a deep elf demonologist
 76103 | Depths:3 | Identified a +0 ring mail (You took it off a deep elf demonologist on level 3 of the Depths)
 76109 | Depths:3 | Reached skill level 23 in Fighting
 76114 | Depths:3 | Identified a +0 robe (You took it off a spriggan air mage on level 3 of the Depths)
 76130 | Depths:2 | Identified +0 fire dragon scales
 76192 | Depths:2 | Identified a +0 animal skin (You took it off a spriggan berserker on level 2 of the Depths)
 76192 | Depths:2 | Reached XP level 25. HP: 131/243 MP: 26/26
 76197 | Depths:2 | Identified a +0 buckler (You took it off a spriggan defender on level 2 of the Depths)
 76197 | Depths:2 | Identified a +0 robe (You took it off a spriggan defender on level 2 of the Depths)
 76521 | Depths:3 | Noticed a lich
 76524 | Depths:2 | Identified a +0 robe (You took it off a spriggan air mage on level 2 of the Depths)
 76540 | Depths:2 | Identified a +0 shield (You took it off a tengu warrior on level 2 of the Depths)
 76540 | Depths:2 | Identified a +0 leather armour (You took it off a tengu warrior on level 2 of the Depths)
 76564 | Depths:2 | Identified a +0 animal skin (You took it off a spriggan berserker on level 2 of the Depths)
 76866 | Depths:3 | Identified a +0 leather armour
 76995 | Depths:3 | Found a corrupted altar of Lugonu.
 77012 | Depths:3 | Found a one-way gate to the infinite horrors of the Abyss.
 77069 | Depths:3 | Identified a +0 plate armour (You took it off a hell knight on level 3 of the Depths)
 77109 | Depths:3 | Identified a +0 chain mail
 77122 | Depths:3 | Killed a lich
 77124 | Depths:3 | Identified a +0 ring mail
 77191 | Depths:3 | Identified Foezyez's Incunabulum of Boosting Malediction
 77200 | Depths:3 | Identified a +0 plate armour
 77387 | Depths:3 | Identified a +0 leather armour
 77417 | Depths:3 | Noticed a lich
 77424 | Depths:3 | Killed a lich
 77440 | Depths:3 | Identified a +0 animal skin
 77441 | Depths:3 | Noticed Jorgrun
 77444 | Depths:3 | Identified a +0 robe (You took it off a spriggan air mage on level 3 of the Depths)
 77449 | Depths:3 | Identified a cursed +0 robe
 77458 | Depths:3 | Identified a +0 buckler
 77458 | Depths:3 | Identified a +0 robe
 77459 | Depths:3 | Identified a +0 robe
 77459 | Depths:3 | Identified a +2 buckler
 77459 | Depths:3 | Identified a +0 robe
 77713 | Depths:3 | Killed Jorgrun
 77713 | Depths:3 | Identified a +1 robe of magic resistance (You took it off Jorgrun on level 3 of the Depths)
 77873 | Depths:3 | Identified a +0 animal skin (You took it off a spriggan berserker on level 3 of the Depths)
 78042 | Depths:3 | Identified a +0 robe (You took it off a vampire mage on level 3 of the Depths)
 78075 | Depths:3 | Identified a +0 leather armour (You took it off a merfolk impaler on level 3 of the Depths)
 78160 | Depths:3 | Identified a +0 leather armour (You took it off a tengu warrior on level 3 of the Depths)
 78200 | Depths:3 | Identified the amulet "Ickuruf" {RegenMP +Blink Str+4}
 78621 | Depths:4 | Identified a +0 plate armour (You took it off a hell knight on level 4 of the Depths)
 78627 | Depths:3 | Identified a +0 chain mail (You took it off a hell knight on level 3 of the Depths)
 78629 | Depths:3 | Identified a +0 robe (You took it off a necromancer on level 3 of the Depths)
 78634 | Depths:3 | Identified a +0 plate armour (You took it off a hell knight on level 3 of the Depths)
 78677 | Depths:4 | Identified a +0 chain mail (You took it off a hell knight on level 4 of the Depths)
 78690 | Depths:4 | Identified +0 ice dragon scales
 78705 | Depths:4 | Identified a +0 plate armour (You took it off a hell knight on level 4 of the Depths)
 78710 | Depths:4 | Identified a +0 plate armour (You took it off a hell knight on level 4 of the Depths)
 78714 | Depths:4 | Identified a +0 plate armour (You took it off a hell knight on level 4 of the Depths)
 78893 | Depths:4 | Identified a +2 naga barding
 78981 | Depths:4 | Identified a +0 buckler (You took it off a spriggan defender on level 4 of the Depths)
 78981 | Depths:4 | Identified a +0 robe (You took it off a spriggan defender on level 4 of the Depths)
 78983 | Depths:4 | Identified a +0 buckler (You took it off a spriggan defender on level 4 of the Depths)
 78983 | Depths:4 | Identified a +0 robe (You took it off a spriggan defender on level 4 of the Depths)
 79043 | Depths:4 | Reached skill level 27 in Unarmed Combat
 79192 | Depths:4 | Identified a +0 troll leather armour
 79341 | Depths:4 | Found Vytigija's Antique Armour Emporium.
 79420 | Depths:4 | Identified a +1 ring mail of positive energy (You took it off a tengu reaver on level 4 of the Depths)
 79454 | Depths:4 | Identified a +0 leather armour
 79942 | Depths:4 | Identified the ring of the Endless Expanse {MR+ Int+3 Stlth-}
 79942 | Depths:4 | Identified a +1 plate armour of cold resistance
 80151 | Depths:5 | Entered Level 5 of the Depths
 80292 | Depths:4 | Identified a +0 animal skin (You took it off a spriggan berserker on level 4 of the Depths)
 80297 | Depths:4 | Identified a +0 animal skin (You took it off a spriggan berserker on level 4 of the Depths)
 80559 | Depths:5 | Identified a +0 robe (You took it off a vampire mage on level 5 of the Depths)
 80588 | Depths:5 | Identified a +0 ring mail (You took it off a tengu warrior on level 5 of the Depths)
 80631 | Depths:5 | Identified a +0 troll leather armour
 80647 | Depths:5 | Identified a +0 troll leather armour
 80694 | Depths:4 | Reached skill level 24 in Fighting
 80991 | Depths:5 | Identified +0 fire dragon scales
 81141 | Depths:5 | Identified +0 shadow dragon scales
 81182 | Depths:5 | Identified a cursed -1 robe (You took it off a spriggan air mage on level 5 of the Depths)
 81206 | Depths:5 | Identified a +0 cloak (You took it off a draconian scorcher on level 5 of the Depths)
 81206 | Depths:5 | Reached skill level 15 in Dodging
 81206 | Depths:5 | Reached XP level 26. HP: 246/254 MP: 26/26
 81210 | Depths:5 | Found a gate to the Realm of Zot.
 81234 | Depths:5 | Identified +0 ice dragon scales
 81249 | Depths:5 | Identified a +0 cloak (You took it off a draconian monk on level 5 of the Depths)
 81361 | Depths:5 | Identified a +1 chain mail of poison resistance (You took it off a vampire knight on level 5 of the Depths)
 81376 | Depths:5 | Identified a +0 robe
 81410 | Zot:1    | Entered Level 1 of the Realm of Zot
 81410 | Zot:1    | Identified an amulet of harm
 81465 | Zot:1    | Identified a +0 leather armour
 81500 | Zot:1    | Identified a +0 cloak of magic resistance (You took it off a draconian stormcaller on level 1 of the Realm of Zot)
 81808 | Zot:2    | Identified quicksilver dragon scales
 82208 | Zot:5    | Entered Level 5 of the Realm of Zot
 82265 | Zot:5    | marsu: @??moth of wrath
 82445 | Zot:5    | Got the hunting sling of the Equinox {velocity, rN+ Str+4}
 82447 | Zot:5    | Identified a +0 leather armour
 82908 | Zot:5    | Identified an amulet of magic regeneration
 82908 | Zot:5    | Identified a +0 shield
 82933 | Zot:5    | Reached skill level 16 in Dodging
 83467 | Zot:5    | Identified a cursed +0 naga barding
 83467 | Zot:5    | Identified a +0 centaur barding
 83467 | Zot:5    | Identified a +0 pair of boots
 83467 | Zot:5    | Identified a +0 centaur barding
 83467 | Zot:5    | Identified a +0 naga barding (You took it off a nagaraja on level 3 of the Snake Pit)
 83467 | Zot:5    | Identified a +2 naga barding of fire resistance (You took it off Vashnia on level 3 of the Snake Pit)
 83842 | Zot:5    | Noticed an ancient lich
 83854 | Zot:5    | Killed an ancient lich
 83854 | Zot:5    | Reached skill level 25 in Fighting
 83960 | Zot:5    | Noticed an ancient lich
 83993 | Zot:5    | Killed an ancient lich
 84026 | Zot:5    | Noticed an ancient lich
 84032 | Zot:5    | Noticed an ancient lich
 84051 | Zot:5    | Killed an ancient lich
 84055 | Zot:5    | Killed an ancient lich
 84261 | Zot:5    | Noticed an orb of fire
 84270 | Zot:5    | Killed an orb of fire
 84389 | Zot:5    | Noticed an orb of fire
 84419 | Zot:5    | Killed an orb of fire
 84419 | Zot:5    | Reached skill level 17 in Dodging
 84419 | Zot:5    | Reached XP level 27. HP: 149/263 MP: 26/26
 84534 | Zot:5    | HP: 58/263 [electric golem/bolt of lightning (9)]
 84932 | Zot:5    | Noticed a curse toe
 84974 | Zot:5    | Killed a curse toe
 85182 | Zot:5    | Noticed an ancient lich
 85196 | Zot:5    | Noticed an ancient lich
 85196 | Zot:5    | Killed an ancient lich
 85208 | Zot:5    | Noticed an Ice Fiend
 85209 | Zot:5    | Killed an ancient lich
 85214 | Zot:5    | Identified +0 gold dragon scales
 85328 | Zot:5    | Identified a +0 robe
 85354 | Zot:5    | Reached skill level 26 in Fighting
 85469 | Zot:5    | Identified a +0 leather armour
 85569 | Zot:5    | Noticed an ancient lich
 85581 | Zot:5    | Noticed an orb of fire
 85593 | Zot:5    | Killed an ancient lich
 85593 | Zot:5    | Reached skill level 18 in Dodging
 85604 | Zot:5    | Killed an orb of fire
 85737 | Zot:5    | Got the Orb of Zot
 86136 | D:10     | Identified a +0 robe
 86146 | D:10     | Identified a +0 leather armour (You took it off an orc priest on level 10 of the Dungeon)
 86157 | D:8      | Identified a +0 robe
 86189 | D:7      | Identified a +0 leather armour (You found it on level 7 of the Dungeon)
 86239 | D:3      | Identified a +0 robe (You took it off an orc wizard on level 3 of the Dungeon)
 86286 | D:$      | Escaped with the Orb!

Table legend:
 A = Turns spent in this place as a percentage of turns spent in the entire game.
 B = Non-inter-level travel turns spent in this place as a percentage of non-inter-level travel turns spent in the entire game.
 C = Inter-level travel turns spent in this place as a percentage of turns spent in this place.
 D = Turns resting spent in this place as a percentage of non-inter-level travel turns spent in this place.
 E = Turns spent auto-exploring this place as a percentage of non-inter-level travel turns spent in this place.
 F = Non-inter-level travel turns spent in this place divided by the number of levels of this place that you've seen.
                   A       B       C       D       E      F
               +-------+-------+-------+-------+-------+----------------------
         Total | 100.0 | 100.0 |   4.8 |  35.2 |  32.5 | 1492.9
       Dungeon |  24.4 |  23.5 |   8.5 |  33.2 |  42.2 | 1284.5
          Lair |  14.1 |  14.0 |   5.5 |  32.1 |  41.9 | 1913.0
        Shoals |   8.8 |   8.8 |   5.3 |  36.5 |  20.4 | 1806.0
     Snake Pit |  10.4 |  10.5 |   3.4 |  38.6 |  29.8 | 2157.5
    Slime Pits |   4.5 |   4.6 |   2.2 |  52.8 |   8.6 | 755.4
  Orcish Mines |   3.4 |   3.4 |   6.6 |  43.0 |  31.0 | 1375.5
   Elven Halls |   6.2 |   6.4 |   2.3 |  30.4 |  20.7 | 1755.0
        Vaults |   8.8 |   8.9 |   4.4 |  24.9 |  42.3 | 1818.0
        Depths |  13.1 |  13.4 |   2.3 |  37.9 |  29.9 | 2203.0
           Zot |   5.2 |   5.4 |   0.4 |  32.4 |  24.2 | 894.0
        Bazaar |   0.2 |   0.2 |   0.0 |  77.8 |   0.0 | 189.0
       Volcano |   0.9 |   0.9 |   0.0 |  60.4 |   0.0 | 768.0
               +-------+-------+-------+-------+-------+----------------------

Table legend:
 A = Kills in this place as a percentage of kills in entire the game.
 B = Kills by you in this place as a percentage of kills by you in the entire game.
 C = Kills by friends in this place as a percentage of kills by friends in the entire game.
 D = Other kills in this place as a percentage of other kills in the entire game.
 E = Experience gained in this place as a percentage of experience gained in the entire game.
 F = Experience gained in this place divided by the number of levels of this place that you have seen.
                   A       B       C       D       E      F
               +-------+-------+-------+-------+-------+----------------------
         Total | 100.0 | 100.0 | 100.0 | 100.0 | 100.0 | 24940.4
       Dungeon |  18.7 |  18.9 |   0.0 |   8.1 |   5.3 | 4833.1
          Lair |   8.9 |   9.0 |   0.0 |   0.0 |   3.9 | 9016.7
        Shoals |   9.1 |   9.0 |   0.0 |  16.2 |   7.6 | 26004.8
     Snake Pit |   8.0 |   8.1 |   0.0 |   5.4 |   8.5 | 29280.0
    Slime Pits |   5.2 |   5.3 |   0.0 |   0.0 |   7.0 | 19253.4
  Orcish Mines |   5.4 |   5.5 |   0.0 |   0.0 |   1.6 | 10991.0
   Elven Halls |   7.0 |   6.5 |   0.0 |  35.1 |   9.2 | 42243.7
        Vaults |  15.4 |  15.3 | 100.0 |  13.5 |  14.6 | 50009.0
        Depths |  17.6 |  17.6 |   0.0 |  18.9 |  24.2 | 66349.4
           Zot |   4.2 |   4.2 |   0.0 |   2.7 |  17.8 | 48748.2
       Volcano |   0.6 |   0.6 |   0.0 |   0.0 |   0.3 | 3481.0
               +-------+-------+-------+-------+-------+----------------------

Skill      XL: |  1  2  3  4  5  6  7  8  9 10 11 12 13 14 15 16 17 18 19 20 21 22 23 24 25 26 27 |
---------------+----------------------------------------------------------------------------------+-----
Unarmed Combat | 4 5 6 7 8 9 11 12 15 16 17 18 20 21 22 23 24 26 27 | 27.0
Armour         | 2 3 5 7 8 10 11 12 13 14 | 14.7
Fighting       | 4 5 7 9 11 12 13 14 15 16 17 18 19 20 21 22 23 24 25 26 | 26.5
Dodging        | 5 7 9 10 11 13 14 15 17 18 | 18.3
Shields        | 4 11 13 | 13.6
Evocations     | 2 5 6 |  6.0
Stealth        | |  2.1

Action                   |  1- 3 |  4- 6 |  7- 9 | 10-12 | 13-15 | 16-18 | 19-21 | 22-24 | 25-27 || total
-------------------------+-------+-------+-------+-------+-------+-------+-------+-------+-------++-------
Melee: Unarmed           |    92 |   138 |   384 |   967 |  1622 |  1676 |  1777 |  2038 |  1212 ||  9906
       Punch             |       |     2 |    10 |    58 |     1 |       |       |       |       ||    71
Throw: Javelin           |       |     2 |       |     6 |       |     5 |       |       |       ||    13
       Throwing net      |       |       |       |       |       |     3 |       |       |       ||     3
Invok: Curse Item        |       |       |     1 |       |     3 |       |     5 |     1 |       ||    10
       Scrying           |       |       |       |       |       |       |     1 |       |       ||     1
 Abil: Stop Flying       |       |       |       |       |       |       |       |     1 |     3 ||     4
       Evoke Flight      |       |       |       |       |       |       |       |       |     4 ||     4
Evoke: Wand              |       |       |     4 |    18 |    11 |    12 |     4 |     1 |     9 ||    59
       Phial of floods   |       |       |       |       |       |       |     3 |     2 |       ||     5
       Sack of spiders   |       |       |       |       |       |       |     1 |     3 |       ||     4
       Lightning rod     |       |       |       |       |       |       |     2 |       |       ||     2
       Lamp of fire      |       |       |       |       |       |       |       |     1 |       ||     1
       Phantom mirror    |       |       |       |       |       |       |       |     1 |       ||     1
  Use: Scroll            |       |       |     8 |     8 |    13 |     4 |     9 |     5 |     7 ||    54
       Potion            |       |       |       |     2 |     4 |     4 |       |     3 |     3 ||    16
 Stab: Sleeping          |     3 |       |       |     4 |     1 |       |       |       |       ||     8
       Paralysed         |       |       |       |     6 |       |       |       |       |       ||     6
       Confused          |       |       |       |     9 |       |       |       |       |     1 ||    10
       Distracted        |       |       |       |       |       |     1 |       |     1 |     1 ||     3
  Eat: Chunk             |     4 |     3 |    18 |    32 |    56 |    53 |    44 |    52 |    30 ||   292
       Ration            |       |       |       |       |     1 |     1 |       |     7 |     6 ||    15
Armor: Leather armour    |    11 |       |       |       |       |       |       |       |       ||    11
       Robe              |     2 |       |       |       |       |       |       |       |       ||     2
       Chain mail        |    39 |    85 |   212 |    40 |       |       |       |       |       ||   376
       Scale mail        |       |       |       |   350 |   148 |       |       |       |       ||   498
       Plate armour      |       |       |       |       |   482 |   577 |   656 |   664 |   390 ||  2769
Dodge: Dodged            |    40 |    46 |   146 |   461 |   602 |   493 |   517 |   555 |   353 ||  3213
Block: Buckler           |       |       |       |       |   390 |   280 |       |       |       ||   670
       Reflection        |       |       |       |       |    15 |   107 |   104 |    90 |    27 ||   343
       Shield            |       |       |       |       |       |   439 |  1339 |  1268 |   690 ||  3736

Vanquished Creatures
  Dissolution (Slime:3)
  the Royal Jelly (Slime:5)
  3 orbs of fire (Zot:5)
  6 ancient liches (Zot:5)
  Mara (Snake:3)
  A greater mummy (Depths:2)
  Sojobo (Depths:2)
  3 Killer Klowns (Zot:5)
  Vashnia (Snake:3)
  A curse toe (Zot:5)
  Nikola (Shoals:3)
  Jory (Vaults:4)
  6 golden dragons
  A bone dragon (Depths:4)
  2 electric golems (Zot:5)
  Jorgrun (Depths:3)
  6 tentacled monstrosities
  3 liches
  28 Orb Guardians
  3 deep elf blademasters (Elf:3)
  18 acid blobs
  A quicksilver dragon (Zot:2)
  9 titans
  Frances (D:13)
  The ghost of Roak the Grappler, an adept TrWr of Cheibriados (Snake:1)
  A death cob (Zot:1)
  6 sphinxes
  A shadow dragon (Depths:5)
  Donald (Orc:2)
  Ilsuiw (Shoals:4)
  4 storm dragons
  4 tengu reavers
  5 frost giants
  A draconian monk (Depths:5)
  Roxanne (Shoals:1)
  9 azure jellies
  10 nagarajas
  8 fire giants
  7 deep elf sorcerers (Elf:3)
  3 ghost moths
  Louise (Snake:1)
  6 deep elf elementalists (Elf:3)
  7 vault wardens
  A draconian scorcher (Depths:5)
  2 orc warlords
  3 spriggan defenders
  A reaper (D:14)
  19 stone giants
  A draconian stormcaller (Zot:1)
  A war gargoyle (Vaults:3)
  15 very ugly things
  8 ironheart preservers
  A black draconian (Depths:5)
  A green draconian (Zot:1)
  3 vampire knights
  3 yellow draconians
  9 deep elf annihilators (Elf:3)
  7 deep elf demonologists
  The ghost of Tenshin the Fencer, a journeyman MiBe of Trog (Lair:4)
  4 white draconians
  6 purple draconians
  A red draconian (Zot:1)
  16 ettins
  4 merfolk javelineers
  9 fire dragons
  11 merfolk impalers
  5 death oozes (Slime:5)
  Snorg (Orc:1)
  12 deep elf death magi
  Josephine (Shoals:1)
  6 jiangshi
  13 yaktaur captains
  7 deep elf high priests
  5 vault guards
  10 ice dragons
  15 great orbs of eyes
  Fannar (D:10)
  14 ogre magi
  16 naga warriors
  Harold (Lair:1)
  Erolcha (D:10)
  A hydra (shapeshifter) (Orc:2)
  4 merfolk avatars
  5 spriggan air magi
  4 alligator snapping turtles
  7 hydras
  4 catoblepae (Lair:6)
  A rakshasa (Vaults:2)
  44 two-headed ogres
  8 centaur warriors
  7 anacondas
  12 deep troll shamans
  6 merfolk aquamancers
  12 dancing weapons
  2 death knights
  6 tengu warriors
  Urug (D:15)
  9 orc high priests
  2 hell hogs (Depths:1)
  11 death yaks
  14 deep troll earth magi
  10 naga sharpshooters
  4 vampire magi
  6 spriggan berserkers
  8 hell knights
  10 shock serpents
  10 deep elf knights
  5 skeletal warriors
  2 sixfirhies
  An unseen horror (shapeshifter) (Depths:2)
  A shadow wraith (Vaults:1)
  10 iron trolls
  2 salamander mystics (Snake:3)
  13 sea snakes
  30 deep trolls
  2 flayed ghosts
  2 unseen horrors
  29 harpies
  12 orc knights
  13 deep elf archers
  8 glowing orange brains
  A kraken simulacrum (Shoals:4)
  A tengu zombie (Depths:2)
  6 wizards
  16 ironbrand convokers
  2 naga ritualists
  6 necromancers
  Pikel (D:7)
  3 wolf spiders
  58 deep elf magi
  28 ugly things
  2 orc sorcerers
  An oklob plant (Shoals:2)
  7 shining eyes
  21 manticores
  A faun (shapeshifter) (Depths:2)
  13 fauns
  An iron dragon zombie (Depths:2)
  10 salamanders
  7 cyclopes
  A frost giant zombie (Vaults:3)
  8 mana vipers
  15 merfolk sirens
  A moth of wrath (shapeshifter) (Depths:3)
  2 eyes of devastation (Slime:2)
  10 moths of wrath
  6 water nymphs
  A rust devil (Zot:5)
  A torpor snail (Lair:4)
  A frost giant skeleton (Depths:2)
  A black mamba (shapeshifter) (Vaults:1)
  Joseph (Lair:1)
  Maurice (D:13)
  The ghost of LiquoriceLizzard the Chopper, a novice HOFi (D:4)
  9 apocalypse crabs (Depths:4)
  A molten gargoyle (Volcano)
  25 naga magi
  24 black mambas
  4 guardian serpents
  2 centaur zombies
  14 vault sentinels
  An orange demon (Zot:5)
  10 spiny frogs
  5 gargoyles
  4 centaur skeletons
  2 rime drakes
  3 komodo dragons
  An efreet (Volcano)
  39 yaktaurs
  A rime drake (shapeshifter) (Vaults:1)
  9 freezing wraiths
  A hellwing (Zot:5)
  2 elves (Depths:2)
  14 trolls
  A red devil (Depths:1)
  A yaktaur skeleton (Vaults:3)
  A tengu conjurer (Depths:1)
  The ghost of jesusflecha the Chopper, an amateur HOFi (D:3)
  A jumping spider (shapeshifter) (Vaults:1)
  A polar bear (Lair:3)
  A raiju (shapeshifter) (Depths:1)
  34 merfolk
  3 hornets
  A polar bear (shapeshifter) (Vaults:2)
  Grinder (D:6)
  8 wind drakes
  16 blink frogs
  A tengu simulacrum (Vaults:4)
  11 hippogriffs
  77 slime creatures
  15 snapping turtles
  2 dream sheep (Shoals:3)
  A centaur simulacrum (D:15)
  A frost giant simulacrum (Vaults:3)
  3 spriggans
  11 air elementals
  A spriggan (shapeshifter) (Depths:3)
  16 water elementals
  2 tarantellas (shapeshifter)
  58 yaks
  An elf simulacrum (Depths:2)
  2 wyverns
  2 vampires (Depths:2)
  3 fire elementals
  5 wraiths
  An ettin skeleton (Vaults:4)
  A hungry ghost (D:8)
  A human (Depths:2)
  2 basilisks
  An elf zombie (Depths:2)
  A chaos spawn (Zot:5)
  A golden eye (Slime:5)
  2 vampire mosquitoes (D:13)
  37 nagas
  Menkaure (D:4)
  12 water moccasins
  18 wargs
  A soldier ant (D:12)
  2 acid dragons
  7 hell hounds (Depths:1)
  A deep troll skeleton (Vaults:3)
  26 orc warriors
  2 floating eyes
  11 porcupines
  3 sky beasts
  4 black bears
  7 eyes of draining
  2 human skeletons (Vaults:4)
  A black bear (shapeshifter) (Vaults:2)
  An elephant zombie (Lair:5)
  5 ice beasts
  7 boggarts
  A phantom (D:5)
  33 ogres
  10 wolves
  18 crocodiles
  23 centaurs
  4 big kobolds (D:13)
  19 bullfrogs
  A komodo dragon zombie (Lair:5)
  5 earth elementals
  4 scorpions
  A wyvern skeleton (D:15)
  14 killer bees
  2 human simulacra
  4 electric eels (Lair:5)
  12 howler monkeys
  5 crimson imps
  5 lava snakes (Volcano)
  5 hounds
  2 iron imps
  37 orc priests
  6 jellies
  12 orc wizards
  A quasit (D:11)
  2 bullfrog skeletons (D:7)
  2 iguanas
  7 worker ants
  A crocodile zombie (Lair:5)
  2 spectral hounds (Depths:2)
  3 gnolls
  A howler monkey skeleton (D:10)
  2 worker ant zombies
  18 adders
  A river rat (Lair:3)
  3 shadow imps
  12 white imps (Lair:4)
  2 adder zombies
  A worm (D:3)
  A dart slug (D:1)
  6 leopard geckos
  99 orcs
  A ball python (D:1)
  A bat (shapeshifter) (Depths:3)
  2 giant cockroaches
  6 goblins
  12 hobgoblins
  15 jackals
  6 quokkas
  5 bats
  2 frilled lizards
  A jackal zombie (D:5)
  5 kobolds
  6 rats (D:1)
  A plant (Lair:3)
  A tentacle (Shoals:4)
2047 creatures vanquished.

Vanquished Creatures (collateral kills)
  A deep troll (Vaults:4)
1 creature vanquished.

Vanquished Creatures (others)
  An ancient lich (Zot:5)
  3 deep elf master archers (Elf:3)
  2 spriggan defenders (Depths:3)
  A stone giant (Depths:3)
  3 merfolk javelineers
  2 spriggan air magi (Depths:3)
  A satyr (Shoals:2)
  2 naga sharpshooters
  A spriggan berserker (Depths:3)
  2 deep elf knights
  7 deep elf archers
  A deep elf mage (Elf:1)
  A faun (Shoals:3)
  3 moths of wrath (Zot:5)
  2 cyclopes
  6 yaktaurs
  2 slaves (D:7)
  2 ogres
  A boggart (Vaults:1)
  A centaur (Depths:3)
  A crocodile (Lair:1)
  An orc priest (D:7)
  An orc (D:7)
  5 fungi
  22 plants
  11 tentacles (Shoals:4)
85 creatures vanquished.

Grand Total: 2133 creatures vanquished
